 Dungeon Crawl Stone Soup version 0.30-a0-860-g512cf1e979 (webtiles) character file.

Game seed: 6238800921959522913

17202346 hellse the Petrodigitator (level 27, 218/218 HPs)
             Began as a Gargoyle Earth Elementalist on Feb 24, 2023.
             Was the Champion of Vehumet.
             Escaped with the Orb
             ... and 15 runes on Mar 8, 2023!
             The game lasted 04:51:06 (91383 turns).

hellse the Petrodigitator (GrEE)                   Turns: 91383, Time: 04:51:06

Health: 218/218    AC: 35    Str:  7    XL:     27
Magic:  54/54      EV: 14    Int: 55    God:    Vehumet [******]
Gold:   7302       SH: 16    Dex:  8    Spells: 2/80 levels left

rFire   + + +      SeeInvis .    L - staff of earth
rCold   + + +      Faith    .    N - +2 shield of Resistance {rF++ rC++ Will++}
rNeg    + + +      Spirit   .    V - +2 robe {Archmagi}
rPois   ∞          Reflect  .    S - +1 hat "Ofuimpa" {rPois Will+ Int+4 Dex-2}
rElec   +          Rampage  .    e - +2 cloak {Will+}
rCorr   +          Archmagi +    T - +1 pair of gloves "Iplac" {Regen+ Int+3}
Will    +++++      Clarity  +    a - +1 pair of boots "Zyvoqidd" {rN+ Int+6 Stlth+}
Stlth   ++                       x - amulet of magic regeneration
HPRegen 1.36/turn                i - ring of Athou {rF+ Will+ rCorr Int+6}
MPRegen 0.74/turn                r - ring "Punies" {rC+ rN+ Str-3 Int+3 Dex+3}

@: flying, studying 3 skills
A: sickness immunity, AC +20, big wings, negative energy resistance 1,
electricity resistance, torment resistance 1, petrification resistance, clarity,
clever 1, clumsy 1, deformed body, fire resistance 1, robust 1, weak 1
0: Orb of Zot
}: 15/15 runes: serpentine, barnacled, slimy, silver, golden, iron, obsidian,
icy, bone, abyssal, demonic, glowing, magical, fiery, dark
a: Renounce Religion


You escaped.
You worshipped Vehumet.
Vehumet was exalted by your worship.
You visited 18 branches of the dungeon, and saw 88 of its levels.
You visited Pandemonium 3 times, and saw 17 of its levels.
You visited the Abyss 5 times.
You visited 1 bazaar.
You visited 3 ziggurats (completing 2), and saw 67 of their levels.
You also visited: Gauntlet and Volcano.

You collected 16401 gold pieces.
You spent 9099 gold pieces at shops.

Inventory:

Hand Weapons
 p - the +11 Singing Sword {sonic wave}
   (You found it on level 6 of a ziggurat)
Missiles
 w - 28 silver javelins
 I - 21 javelins
Armour
 a - the +1 pair of boots "Zyvoqidd" (worn) {rN+ Int+6 Stlth+}
   (You acquired it on level 3 of the Snake Pit)

   Int:       It affects your intelligence (+6).
   rN:        It protects you from negative energy.
   Stlth:     It makes you more stealthy.
 e - a +2 cloak of willpower (worn)
 N - the +2 shield of Resistance (worn) {rF++ rC++ Will++}
   (You found it on level 12 of the Dungeon)

   rF:        It greatly protects you from fire.
   rC:        It greatly protects you from cold.
   Will:      It greatly increases your willpower.
 S - the +1 hat "Ofuimpa" (worn) {rPois Will+ Int+4 Dex-2}
   (You acquired it on level 11 of a ziggurat)

   Int:       It affects your intelligence (+4).
   Dex:       It affects your dexterity (-2).
   rPois:     It protects you from poison.
   Will:      It increases your willpower.
 T - the +1 pair of gloves "Iplac" (worn) {Regen+ Int+3}
   (You found it in Pandemonium)

   Int:       It affects your intelligence (+3).
   Regen:     It increases your rate of health regeneration.
 V - a +2 robe of the Archmagi (worn)
Magical Staves
 o - a staff of cold
 A - a staff of fire
 G - a staff of conjuration
 L - a staff of earth (weapon)
Jewellery
 i - the ring of Athou (left hand) {rF+ Will+ rCorr Int+6}
   (You found it on level 26 of a ziggurat)

   [ring of intelligence]

   Int:       It affects your intelligence (+6).
   rF:        It protects you from fire.
   rCorr:     It protects you from acid and corrosion.
   Will:      It increases your willpower.
 j - a +6 ring of intelligence
 r - the ring "Punies" (right hand) {rC+ rN+ Str-3 Int+3 Dex+3}
   (You took it off a yaktaur captain on level 5 of the Vaults)

   [ring of positive energy]

   Str:       It affects your strength (-3).
   Int:       It affects your intelligence (+3).
   Dex:       It affects your dexterity (+3).
   rC:        It protects you from cold.
   rN:        It protects you from negative energy.
 x - an amulet of magic regeneration (around neck)
 y - the ring of Wemynu {rN+ Str+6 Dex+2}
   (You took it off a balrug on level 3 of the Depths)

   [ring of strength]

   Str:       It affects your strength (+6).
   Dex:       It affects your dexterity (+2).
   rN:        It protects you from negative energy.
 D - the ring "Qehetoum" {rF+ rC+ rCorr Int+3}
   (You bought it in a shop on level 4 of the Shoals)

   [ring of protection from cold]

   Int:       It affects your intelligence (+3).
   rF:        It protects you from fire.
   rC:        It protects you from cold.
   rCorr:     It protects you from acid and corrosion.
 K - the ring of the Moon {EV+5 Str+3 Int+5}
   (You acquired it on level 7 of the Abyss)

   [ring of evasion]

   EV:        It affects your evasion (+5).
   Str:       It affects your strength (+3).
   Int:       It affects your intelligence (+5).
 M - the ring "Feapinn" {rElec rN+ MP+9}
   (You found it on level 27 of a ziggurat)

   [ring of magical power]

   rElec:     It insulates you from electricity.
   rN:        It protects you from negative energy.
   MP:        It affects your magic capacity (+9).
 P - the ring "Housec" {rN+++ rCorr MP+9 Str+5 Stlth-}
   (You bought it in a shop on level 1 of the Snake Pit)

   [ring of magical power]

   Str:       It affects your strength (+5).
   rN:        It renders you almost immune to negative energy.
   MP:        It affects your magic capacity (+9).
   rCorr:     It protects you from acid and corrosion.
   Stlth:     It makes you less stealthy.
Wands
 d - a wand of digging (29)
 s - a wand of iceblast (101)
 C - a wand of quicksilver (46)
Scrolls
 c - 14 scrolls of brand weapon
 l - 15 scrolls of amnesia
 n - 49 scrolls of enchant weapon
 t - 7 scrolls of butterflies
 H - 21 scrolls of blinking
 J - 50 scrolls of teleportation
 R - 26 scrolls of enchant armour
 U - 3 scrolls of magic mapping
 X - 11 scrolls of fear
 Z - 39 scrolls of fog
Potions
 b - 7 potions of magic
 f - 13 potions of haste
 k - 12 potions of resistance
 m - 35 potions of curing
 u - 11 potions of invisibility
 z - 28 potions of heal wounds
 B - 65 potions of mutation
 E - 9 potions of berserk rage
 F - 11 potions of brilliance
 O - 14 potions of might
 W - 9 potions of cancellation
Miscellaneous
 g - a lightning rod (4/4)
 h - a box of beasts
 q - a tin of tremorstones (2/2)
 v - a phantom mirror
 Q - a condenser vane (inert)
 Y - a phial of floods


   Skills:
 O Level 27 Fighting
 - Level 17.3 Long Blades
 - Level 12.3 Staves
 - Level 16.6 Throwing
 - Level 15.9 Armour
 - Level 11.6 Dodging
 - Level 14.6 Stealth
 - Level 19.4 Shields
 O Level 27 Spellcasting
 O Level 27 Conjurations
 - Level 19.2 Necromancy
 - Level 12.8 Transmutations
 O Level 27 Fire Magic
 O Level 27 Ice Magic
 O Level 27 Air Magic
 O Level 27 Earth Magic
 + Level 24.9 Evocations


You had 2 spell levels left.
You knew the following spells:

 Your Spells              Type           Power      Damage    Failure   Level
a - Polar Vortex          Ice            90%        N/A       1%          9
b - Death's Door          Necr           81%        N/A       6%          9
c - Ignition              Fire           90%        3d23      0%          8
d - Fire Storm            Conj/Fire      90%        8d23      1%          9
e - Blink                 Tloc           100%       N/A       1%          2
f - Shatter               Erth           100%       3d71*     1%          9
g - Maxwell's Capacitive  Air            90%        ∞         0%          8
h - Necromutation         Tmut/Necr      77%        N/A       1%          8
i - Chain Lightning       Conj/Air       90%        3d120     1%          9
j - Ozocubu's Refrigerat  Ice            90%        4d27      0%          7

Your spell library contained the following spells:

 Spells                   Type           Power      Damage    Failure   Level
 Beastly Appendage        Tmut           100%       N/A       0%          1
 Foxfire                  Conj/Fire      100%       2x1d9     0%          1
 Freeze                   Ice            100%       1d10      0%          1
 Kiss of Death            Conj/Necr      100%       2d13      0%          1
 Magic Dart               Conj           100%       1d8       0%          1
 Necrotise                Necr           100%       1d9       0%          1
 Sandblast                Erth           100%       2d20      0%          1
 Shock                    Conj/Air       100%       1d9       0%          1
 Sting                    Tmut/Pois      100%       1d8       0%          1
 Ensorcelled Hibernation  Hex/Ice        100%       N/A       0%          2
 Momentum Strike          Conj/Tloc      100%       3d10      0%          2
 Passwall                 Tmut/Erth      100%       N/A       0%          2
 Poisonous Vapours        Pois/Air       100%       N/A       0%          2
 Scorch                   Fire           100%       2d10      0%          2
 Searing Ray              Conj           100%       2d8       0%          2
 Static Discharge         Conj/Air       100%       2-7/arc   0%          2
 Wereblood                Tmut           100%       N/A       0%          2
 Apportation              Tloc           100%       N/A       1%          1
 Slow                     Hex            100%       N/A       1%          1
 Summon Small Mammal      Summ           100%       N/A       1%          1
 Call Imp                 Summ           84%        N/A       1%          2
 Lesser Beckoning         Tloc           100%       N/A       1%          2
 Dazzling Flash           Conj/Hex       100%       N/A       0%          3
 Frozen Ramparts          Ice            100%       1d16      0%          3
 Hailstorm                Conj/Ice       100%       3d20      0%          3
 Ignite Poison            Fire/Tmut/Pois 100%       N/A       0%          3
 Inner Flame              Hex/Fire       100%       N/A       0%          3
 Kindle Blastsparks       Fire/Tloc/Air  100%       2d18      0%          3
 Mephitic Cloud           Conj/Pois/Air  100%       N/A       0%          3
 Ozocubu's Armour         Ice            100%       N/A       0%          3
 Stone Arrow              Conj/Erth      100%       3d13      0%          3
 Swiftness                Air            100%       N/A       0%          3
 Vampiric Draining        Necr           100%       2d13      0%          3
 Vhi's Electric Charge    Tloc/Air       100%       N/A       0%          3
 Airstrike                Air            90%        2d(13-29) 0%          4
 Animate Armour           Summ/Erth      100%       N/A       0%          4
 Animate Dead             Necr           100%       N/A       0%          4
 Dispel Undead            Necr           100%       3d31      0%          4
 Flame Wave               Conj/Fire      100%       2d21      0%          4
 Fulminant Prism          Conj/Hex       73%        3d29      0%          4
 Ice Form                 Ice/Tmut       100%       N/A       0%          4
 Iskenderun's Mystic Bla  Conj/Tloc      100%       2d19      0%          4
 Leda's Liquefaction      Hex/Erth       86%        N/A       0%          4
 Petrify                  Tmut/Erth      100%       N/A       0%          4
 Sticky Flame             Conj/Fire      100%       2d11      0%          4
 Summon Ice Beast         Ice/Summ       100%       N/A       0%          4
 Summon Lightning Spire   Summ/Air       100%       N/A       0%          4
 Agony                    Necr           100%       N/A       0%          5
 Arcjolt                  Conj/Air       90%        1d100     0%          5
 Borgnjor's Vile Clutch   Necr/Erth      99%        N/A       0%          5
 Fireball                 Conj/Fire      90%        3d33      0%          5
 Freezing Cloud           Conj/Ice/Air   90%        6-21      0%          5
 Irradiate                Conj/Tmut      82%        3d39      0%          5
 Iskenderun's Battlesphe  Conj           100%       2d15      0%          5
 Lee's Rapid Deconstruct  Erth           100%       3d44*     0%          5
 Lightning Bolt           Conj/Air       90%        1d119     0%          5
 Metabolic Englaciation   Hex/Ice        73%        N/A       0%          5
 Silence                  Hex/Air        73%        N/A       0%          5
 Conjure Ball Lightning   Conj/Air       90%        3x3d35    0%          6
 Death Channel            Necr           81%        N/A       0%          6
 Iron Shot                Conj/Erth      100%       9d18      0%          6
 Simulacrum               Ice/Necr       86%        N/A       0%          6
 Starburst                Conj/Fire      90%        6d23      0%          6
 Orb of Destruction       Conj           90%        9d20      0%          7
 Lehudib's Crystal Spear  Conj/Erth      100%       10d22     0%          8
 Call Canine Familiar     Summ           84%        N/A       1%          3
 Confusing Touch          Hex            84%        N/A       1%          3
 Gell's Gravitas          Tloc           84%        N/A       1%          3
 Portal Projectile        Hex/Tloc       100%       N/A       1%          3
 Spider Form              Tmut/Pois      100%       N/A       1%          3
 Summon Guardian Golem    Hex/Summ       84%        N/A       1%          3
 Teleport Other           Tloc           84%        N/A       1%          3
 Tukima's Dance           Hex            84%        N/A       1%          3
 Anguish                  Hex/Necr       66%        N/A       1%          4
 Cause Fear               Hex            42%        N/A       1%          4
 Manifold Assault         Tloc           84%        N/A       1%          4
 Olgreb's Toxic Radiance  Pois           84%        N/A       1%          4
 Passage of Golubria      Tloc           84%        N/A       1%          4
 Alistair's Intoxication  Tmut/Pois      80%        N/A       1%          5
 Blade Hands              Tmut           72%        N/A       1%          5
 Yara's Violent Unravell  Hex/Tmut       60%        3d23      1%          5
 Eringya's Noxious Bog    Tmut/Pois      60%        N/A       1%          6
 Dragon Form              Tmut           72%        N/A       1%          7
 Spellforged Servitor     Conj/Summ      73%        N/A       1%          7
 Storm Form               Tmut/Air       82%        N/A       1%          7
 Borgnjor's Revivificati  Necr           81%        N/A       1%          8
 Infestation              Necr           81%        N/A       1%          8
 Haunt                    Necr/Summ      66%        N/A       2%          7
 Summon Forest            Summ/Tloc      42%        N/A       4%          5
 Summon Mana Viper        Hex/Summ       84%        N/A       4%          5
 Dispersal                Tloc           42%        N/A       24%         6
 Summon Cactus Giant      Summ           42%        N/A       24%         6
 Enfeeble                 Hex            42%        N/A       78%         7
 Malign Gateway           Summ/Tloc      42%        N/A       78%         7
 Monstrous Menagerie      Summ           42%        N/A       78%         7
 Summon Hydra             Summ           42%        N/A       78%         7
 Discord                  Hex            42%        N/A       100%        8
 Disjunction              Tloc           42%        N/A       100%        8
 Summon Horrible Things   Summ           42%        N/A       100%        8
 Dragon's Call            Summ           42%        N/A       100%        9
 Cigotuvi's Dreadful Rot  Necr/Pois/Air  Unusable   N/A       N/A         2
 Sublimation of Blood     Necr           Unusable   N/A       N/A         2
 Statue Form              Tmut/Erth      Unusable   N/A       N/A         6

Dungeon Overview and Level Annotations

Branches:
Dungeon (15/15)            Temple (1/1) D:5            Lair (5/5) D:10
 Shoals (4/4) Lair:3        Snake (4/4) Lair:3        Slime (5/5) Lair:4
    Orc (2/2) D:12            Elf (3/3) Orc:2        Vaults (5/5) D:14
  Crypt (3/3) Vaults:2       Tomb (3/3) Crypt:3      Depths (4/4) D:15
   Hell (visited)             Dis (7/7) Hell            Geh (7/7) Hell
    Coc (7/7) Hell            Tar (7/7) Hell            Zot (5/5) Depths:4
Volcano (visited)         Gauntlet (visited)

Altars:
Ashenzari
Cheibriados
Dithmenos
Elyvilon
Fedhas
Gozag
Hepliaklqana
Kikubaaqudgha
Makhleb
Nemelex Xobeh
Okawaru
Qazlal
Ru
Sif Muna
Trog
Uskayaw
Vehumet
Wu Jian
Xom
Yredelemnul
Zin
The Shining One
Jiyva
Lugonu

Shops:
D:3 (   D:11 *   Orc:2 !:[[   Elf:1 :?=   Elf:2 [   Elf:3 !   Shoals:1 [
Shoals:4 =((:   Snake:1 =::   Snake:3 **=:   Snake:4 ?   Vaults:5 :
Depths:1 *   Depths:4 *

Portals:
Hell: Depths:1 Depths:2 Depths:3 Depths:4
Abyss: Lair:5 Depths:3
Pandemonium: Depths:2 Depths:3
Ziggurat: Depths:3

Annotations:
Depths:1 1 runed translucent door


Innate Abilities, Weirdness & Mutations

You are immune to sickness and miasma.
Your stone body is resilient. (AC +20)
You are immune to poison.
Your large and strong wings let you fly.
You resist negative energy. (rN+)
You are resistant to electric shocks. (rElec)
You are resistant to unholy torment.
You are immune to petrification.
You possess an exceptional clarity of mind.
Your mind is acute. (Int +4, Str/Dex -1)
You are clumsy. (Dex -2)
Armour fits poorly on your strangely shaped body.
Your flesh is heat resistant. (rF+)
You are robust. (+10% HP)
You are weak. (Str -2)


Message History

You feel your power returning.
Unknown command.
You start resting.
Magic restored.
What are your orders? t - Shout!
Orders for allies: a - Attack new target. r - Retreat! s - Stop attacking. g - Guard the area. f - Follow me.
Anything else - Cancel.
You shout for attention!
What are your orders? t - Shout!
Orders for allies: a - Attack new target. r - Retreat! s - Stop attacking. g - Guard the area. f - Follow me.
Anything else - Cancel.
You shout for attention!
What are your orders? t - Shout!
Orders for allies: a - Attack new target. r - Retreat! s - Stop attacking. g - Guard the area. f - Follow me.
Anything else - Cancel.
You shout for attention!
What are your orders? t - Shout!
Orders for allies: a - Attack new target. r - Retreat! s - Stop attacking. g - Guard the area. f - Follow me.
Anything else - Cancel.
You shout for attention!
What are your orders? t - Shout!
Orders for allies: a - Attack new target. r - Retreat! s - Stop attacking. g - Guard the area. f - Follow me.
Anything else - Cancel.
You shout for attention!
You have escaped!

#.................###########
#............~.~≈..~≈PP≈P≈≈.~
###.....)...~≈≈~≈~.≈P~~≈~~PP.
#.........≈≈≈≈≈~≈~~P≈≈≈~≈~~
#.#.......~)~≈≈≈≈≈≈~~≈≈≈≈≈~
#.........~.~~~~≈≈≈≈~~~~≈≈≈
###.......~..~..~≈~~~..~~≈.
#...........≈..≈.~.##.~.#
........@.......~.####.##
#...............########
#......................#
#........).......#####.#
#......).........(..#.###
................###.#...#
............... #.#.#.#
...............###'#.#..
#........+.............


There were no monsters in sight!

Vanquished Creatures
  Cerebov (Pan)
  Antaeus (Coc:7)
  the Royal Jelly (Slime:5)
  Asmodeus (Geh:7)
  Ereshkigal (Tar:7)
  Mnoleg (Pan)
  Gloorx Vloq (Pan)
  Lom Lobon (Pan)
  the Serpent of Hell (Geh:7)
  Dispater (Dis:7)
  12 orbs of fire
  27 dread liches
  Khufu (Crypt:3)
  Mara (Vaults:4)
  13 pandemonium lords
  13 ancient liches
  8 juggernauts
  Sojobo (Crypt:2)
  Josephina (Zot:3)
  38 royal mummies
  35 shard shrikes
  12 Killer Klowns
  Bai Suzhen (Shoals:3)
  Frederick (Vaults:3)
  27 caustic shrikes
  5 curse toes
  Margery (Depths:4)
  Geryon (Hell)
  34 golden dragons
  20 profane servitors
  24 bone dragons
  2 electric golems (Zot:5)
  17 Tzitzimimeh
  10 doom hounds
  The ghost of Joiny the Slayer, a veteran GrGl of Hepliaklqana (Depths:1)
  17 Brimstone Fiends
  9 iron giants
  Zenata (Crypt:3)
  A shard shrike zombie (Tar:7)
  Jorgrun (Orc:1)
  3 spectral shard shrikes
  27 Hell Sentinels
  36 hellephants
  15 liches
  3 walking earthen tomes
  53 Ice Fiends
  21 Orb Guardians
  33 searing wretches
  19 deep elf master archers
  41 titans
  27 tentacled monstrosities
  Asterion (Vaults:1)
  The ghost of demibob the Slayer, an adept MiFi of Gozag (Snake:4)
  19 tainted leviathans
  A walking divine tome (Depths:3)
  17 deep elf blademasters
  17 quicksilver dragons
  16 tentacled starspawn
  63 acid blobs
  A kraken (Shoals:4)
  A walking frostbound tome (Depths:2)
  9 death cobs
  2 eldritch tentacles
  20 Executioners
  42 ancient champions
  2 thorn hunters (Zig:10)
  A sphinx (shapeshifter) (Zig:2)
  Agnes (Snake:1)
  25 storm dragons
  74 nagarajas
  18 revenants
  36 sphinxes
  16 shadow dragons
  16 tengu reavers
  5 demonspawn warmongers (Pan)
  21 draconian monks
  Donald (Shoals:2)
  A shadow dragon (shapeshifter) (Zig:6)
  22 azure jellies
  38 fire giants
  23 rockslimes
  23 draconian knights
  42 narguns
  14 quicksilver elementals
  29 frost giants
  A frost giant (shapeshifter) (Zig:13)
  19 iron dragons
  2 caustic shrike zombies (Tar:7)
  21 draconian scorchers
  16 deep elf sorcerers
  9 emperor scorpions
  18 vault wardens
  15 ghouls
  A spectral juggernaut (Tar:1)
  9 shard shrike simulacra
  2 deep elf elementalists (Elf:3)
  4 curse skulls
  73 balrugs
  61 very ugly things
  The ghost of KennySheep the Contemplative, a journeyman AtBr of Cheibriados (Lair:2)
  Aizul (Shoals:2)
  A caustic shrike skeleton (Tomb:3)
  2 angels
  13 ghost moths
  23 draconian shifters
  21 draconian annihilators
  20 draconian stormcallers
  13 cacodemons
  8 demonspawn corrupters
  25 ironbound preservers
  20 stone giants
  39 war gargoyles
  A juggernaut zombie (Hell)
  3 ironbound thunderhulks
  18 reapers
  7 orc warlords
  3 juggernaut skeletons
  2 quicksilver oozes (shapeshifter)
  A spriggan defender (Depths:2)
  4 demonspawn blood saints
  26 quicksilver oozes
  18 black draconians
  20 elemental wellsprings
  26 green draconians
  2 eleionomae (shapeshifter)
  3 eleionomae
  11 demonspawn black suns
  13 yellow draconians
  24 bennus
  18 vampire knights
  A minotaur (Gauntlet)
  32 deep elf annihilators
  33 deep elf demonologists
  A spectral titan (Tar:6)
  11 putrid mouths
  13 purple draconians
  14 lorocyprocas
  2 bunyips (Zig:22)
  2 dire elephants (shapeshifter) (Zig:6)
  20 dire elephants
  59 wendigos
  A spark wasp (shapeshifter) (Depths:3)
  19 red draconians
  2 spectral hellephants (Crypt:2)
  21 eidola
  4 spark wasps
  48 starcursed masses
  18 white draconians
  26 iron golems
  13 merfolk javelineers
  11 merfolk impalers
  2 crystal guardians
  38 mummy priests
  23 blizzard demons
  13 green deaths
  16 fire dragons
  The ghost of cforsyth the Covert, a journeyman KoBr of Hepliaklqana (D:12)
  A spectral iron giant (Tar:4)
  15 deep elf death magi
  14 ettins
  A spectral quicksilver dragon (Tar:6)
  2 spectral elves (Crypt:2)
  30 deep elf high priests
  The ghost of Pimp the Fighter, a journeyman MiFi of Okawaru (D:12)
  8 entropy weavers
  22 yaktaur captains
  10 jiangshi
  Fannar (D:12)
  18 great orbs of eyes
  5 spectral spriggans
  The ghost of baller8008 the Cleaver, a journeyman MiFi of Okawaru (D:12)
  A ghost crab (Zig:10)
  23 hydras
  A spectral fenstrider witch (Tar:2)
  12 ice dragons
  2 quicksilver dragon skeletons
  5 rakshasas
  33 vault guards
  A peacekeeper (Vaults:1)
  8 caustic shrike simulacra
  5 spriggan air magi
  2 hell beasts (Pan)
  8 merfolk avatars
  70 salamander tyrants
  Erica (D:8)
  Erolcha (D:12)
  7 alligator snapping turtles
  An elf skeleton (Crypt:1)
  4 catoblepae
  2 jorogumos
  13 juggernaut simulacra
  23 anacondas
  8 ironbound frosthearts
  3 ogre magi
  18 merfolk aquamancers
  4 spectral stone giants
  3 anacondas (shapeshifter)
  17 centaur warriors
  A satyr (shapeshifter) (Zig:26)
  26 naga warriors
  6 spriggan skeletons
  2 alligators
  18 death yaks
  2 fenstrider witch skeletons (Crypt:1)
  4 satyrs
  2 death knights
  7 deep troll earth magi
  6 stokers
  6 boulder beetles
  9 deep troll shamans
  43 death scarabs
  11 two-headed ogres
  12 orc high priests
  7 spriggan berserkers
  39 thrashing horrors
  61 dancing weapons
  A spectral dire elephant (Tar:1)
  12 vampire magi
  4 tengu warriors
  Urug (Orc:1)
  A spectral naga (Tar:1)
  A spectral storm dragon (Tar:1)
  39 naga sharpshooters
  41 hell hogs
  25 soul eaters
  8 skysharks
  30 shock serpents
  27 deep elf knights
  38 sun demons
  Nergalle (D:10)
  32 wretched stars
  20 hell knights
  20 crystal echidnas
  7 iron trolls
  A storm dragon zombie (Hell)
  A titan skeleton (Zig:13)
  3 titan zombies
  2 pharaoh ants
  35 shadow wraiths
  8 fire crabs (Zig:17)
  The ghost of bigduke15 the Blocker, a novice FoFi of Okawaru (D:7)
  An iron giant zombie (Tomb:2)
  22 sixfirhies
  38 skeletal warriors
  8 salamander mystics
  A sun moth (Zig:10)
  A bunyip zombie (Crypt:1)
  47 deep trolls
  3 death drakes
  A death drake (shapeshifter) (Zig:13)
  2 golden dragon zombies
  A spectral bunyip (Tar:1)
  9 swamp dragons
  A cherub (Pan)
  2 goliath frogs
  A storm dragon skeleton (Zig:7)
  7 quicksilver dragon simulacra
  2 spectral anacondas (Tar:1)
  A sea snake (shapeshifter) (Zig:3)
  A deep troll (shapeshifter) (Zig:13)
  6 flayed ghosts
  An anaconda zombie (Crypt:1)
  5 spatial maelstroms
  7 shadow demons
  2 swamp dragons (shapeshifter)
  A tengu zombie (Depths:1)
  A shadow dragon zombie (Hell)
  11 glowing orange brains
  16 deep elf archers
  24 ironbound convokers
  5 spriggan simulacra
  25 sea snakes
  2 orb spiders
  2 golden dragon skeletons
  A steelbarb worm (Zig:22)
  An obsidian statue (Depths:1)
  18 naga ritualists
  2 lindwurms (shapeshifter)
  7 lindwurms
  21 wizards
  A sphinx zombie (Depths:1)
  2 spriggan druids (Zig:6)
  3 bunyip skeletons
  42 deep elf pyromancers
  20 necromancers
  3 steelbarb worms (shapeshifter)
  59 deep elf zephyrmancers
  A frost giant zombie (Depths:1)
  28 orc knights
  2 orange crystal statues (Abyss:6)
  4 wolf spiders
  46 oklob plants
  18 phantasmal warriors
  3 stone giant zombies
  49 harpies
  5 fauns
  17 mana vipers
  15 shining eyes
  9 cyclopes
  8 orc sorcerers
  A fire giant zombie (Hell)
  25 moths of wrath
  2 sphinx skeletons
  30 manticores
  A spectral fire dragon (Tar:1)
  A will-o-the-wisp (Zig:19)
  3 wolf spiders (shapeshifter)
  26 salamanders
  53 ugly things
  An iron dragon skeleton (Zig:13)
  3 worldbinders
  2 black mambas (shapeshifter)
  A fire giant skeleton (Crypt:2)
  A shining eye (shapeshifter) (Zig:27)
  11 merfolk sirens
  92 black mambas
  A faun (shapeshifter) (Zig:13)
  8 rust devils
  20 elephants
  2 elephants (shapeshifter)
  6 demonic crawlers
  A draconian skeleton (Crypt:3)
  13 apocalypse crabs
  21 vault sentinels
  2 frost giant skeletons (Depths:1)
  5 titan simulacra
  9 ice statues
  10 eyes of devastation
  3 centaur zombies
  50 naga magi
  15 molten gargoyles
  14 cane toads
  11 water nymphs
  21 guardian serpents
  4 unseen horrors
  38 hellions
  49 smoke demons
  A rime drake (shapeshifter) (D:15)
  5 kobold demonologists
  12 orange demons
  7 spriggan zombies
  5 torpor snails
  A catoblepas zombie (Crypt:3)
  39 tormentors
  16 efreet
  5 anaconda simulacra
  6 rime drakes (Zig:21)
  3 centaur skeletons
  A steelbarb worm zombie (Crypt:3)
  2 alligator snapping turtle skeletons
  An orc skeleton (Pan)
  A catoblepas skeleton (Crypt:2)
  9 freezing wraiths
  A grey draconian zombie (Crypt:1)
  13 komodo dragons
  35 yaktaurs
  24 ancient zymes
  4 iron giant simulacra
  A golden dragon simulacrum (Zig:21)
  8 ice devils
  5 spectral harpies
  A ghost moth simulacrum (Zot:3)
  65 guardian mummies
  3 tengu conjurers
  2 polar bears (shapeshifter)
  A silent spectre (Tar:5)
  A purple draconian skeleton (Crypt:1)
  3 tengu simulacra
  4 meliai
  A merfolk (shapeshifter) (Zig:13)
  22 hellwings
  39 merfolk
  10 red devils
  6 trolls
  A bloated husk (Zig:10)
  A minotaur skeleton (Crypt:2)
  A shadow dragon simulacrum (Zig:25)
  A polar bear (Lair:5)
  2 tyrant leeches
  A hornet (shapeshifter) (Vaults:5)
  6 harpy zombies
  A blink frog (shapeshifter) (Zig:26)
  2 tarantellas (shapeshifter)
  10 hornets
  2 pale draconian skeletons (Crypt:2)
  A raiju (shapeshifter) (Zig:23)
  9 wind drakes
  2 wind drakes (shapeshifter)
  33 raiju
  4 harpy skeletons
  3 snapping turtles (shapeshifter)
  6 iron dragon simulacra
  5 tarantellas
  31 blink frogs
  8 dream sheep
  11 snapping turtles
  A jumping spider (shapeshifter) (Zig:14)
  181 slime creatures
  4 ettin zombies
  10 air elementals
  43 flying skulls
  2 centaur simulacra
  22 ynoxinuls
  4 naga simulacra
  6 shadows
  76 large abominations
  11 dire elephant simulacra
  25 ushabtiu
  2 vampires (Crypt:3)
  A black mamba zombie (Crypt:1)
  27 water elementals
  9 wraiths
  A yak (shapeshifter) (Zig:23)
  8 fire bats
  An alligator skeleton (Crypt:1)
  7 wyverns
  2 ettin skeletons
  7 basilisks
  Grum (D:8)
  6 spriggans
  3 basilisks (shapeshifter)
  15 fire elementals
  A golden eye (shapeshifter) (Zig:12)
  41 yaks
  40 neqoxecs
  34 golden eyes
  14 vampire mosquitoes
  20 chaos spawn
  5 steam dragons
  A redback (shapeshifter) (Zig:8)
  5 redbacks
  6 wargs
  A human zombie (Hell)
  An acid dragon (Zig:21)
  20 harpy simulacra
  2 swamp worms (Lair:3)
  A glowing shapeshifter zombie (Zig:7)
  60 nagas
  2 merfolk zombies (Crypt:3)
  12 small abominations
  11 hell hounds
  25 water moccasins
  A hydra simulacrum (Coc:7)
  A moth of wrath simulacrum (Zot:3)
  A two-headed ogre skeleton (Crypt:2)
  3 ice beasts
  A floating eye (shapeshifter) (Elf:3)
  2 naga skeletons
  66 orc warriors
  5 swamp drakes (Zig:21)
  7 floating eyes
  7 black bears
  A black mamba simulacrum (Hell)
  2 sky beasts
  A swamp dragon zombie (Crypt:3)
  6 wolves
  6 ettin simulacra
  A fire dragon simulacrum (Coc:1)
  An ogre (shapeshifter) (Zig:23)
  22 ogres
  14 centaurs
  4 boggarts (D:12)
  A lemure (D:5)
  A phantom (D:5)
  4 kobold brigands
  A fire crab zombie (Crypt:2)
  9 bullfrogs
  4 necrophages
  3 elf zombies (Elf:1)
  3 gnoll sergeants
  A water moccasin zombie (Crypt:3)
  A komodo dragon skeleton (Crypt:1)
  6 earth elementals
  3 scorpions
  13 wights
  5 killer bees
  A swamp dragon simulacrum (Hell)
  7 electric eels
  2 howler monkeys
  6 lava snakes (Volcano)
  5 crimson imps
  6 hounds
  36 orc priests
  A gnoll bouda (D:5)
  10 jellies
  5 iguanas
  Ijyb (D:5)
  29 orc wizards
  A hell rat (Zig:6)
  4 lightning spires (Zig:18)
  A boggart skeleton (Crypt:2)
  A tengu skeleton (Crypt:1)
  99 mummies
  12 adders
  13 gnolls
  2 shadow imps
  An ufetubus (D:6)
  4 dart slugs
  4 worms
  85 orcs
  2 endoplasms
  2 giant cockroaches
  3 goblins
  4 hobgoblins
  10 jackals
  4 quokkas
  3 ball pythons
  6 bats
  2 frilled lizards (D:2)
  10 kobolds
  7 rats
  2 bushes (Lair:5)
  3 creeping infernos
  50 fire vortices
  5 lurking horrors
  40 plants
  6 starspawn tentacles
  5 tentacles (Shoals:4)
6535 creatures vanquished.

Vanquished Creatures (collateral kills)
  A dread lich (Zig:15)
  A golden dragon (Zig:21)
  A bone dragon (Tar:7)
  A tainted leviathan (Tar:7)
  An Ice Fiend (Zig:25)
  A titan (Coc:7)
  2 acid blobs
  A tengu reaver (Zig:14)
  2 storm dragons (Depths:1)
  3 shadow dragons
  An emperor scorpion (shapeshifter) (Zig:3)
  3 narguns
  A draconian scorcher (Zot:4)
  A curse skull (Zig:16)
  A draconian stormcaller (Zig:23)
  A very ugly thing (Zig:14)
  2 green draconians
  A purple draconian (Zot:5)
  A wendigo (Zig:10)
  A dire elephant (Zig:14)
  A black draconian (Zot:4)
  An eidolon (Zig:16)
  A white draconian (Zot:1)
  An ice dragon (Zig:21)
  A thrashing horror (Zig:25)
  A sun moth (Zig:10)
  2 shadow wraiths (Tar:7)
  A spatial maelstrom (Zig:4)
  A spriggan simulacrum (Crypt:3)
  A slime creature (Slime:3)
  A starcursed mass (Abyss:6)
  A swamp drake (Zig:21)
40 creatures vanquished.

Vanquished Creatures (others)
  A thorn hunter (Zig:10)
  2 hydras (Zig:10)
  A spriggan air mage (Zig:10)
  A caustic shrike simulacrum (Coc:4)
  A swamp dragon (Zig:10)
  A will-o-the-wisp (Zig:10)
  A storm dragon simulacrum (Zig:25)
  A bloated husk (Zig:10)
  A water elemental (Zig:23)
  A dire elephant simulacrum (Coc:3)
  A crimson imp (Pan)
  2 orc priests (Orc:2)
  2 orcs (Orc:2)
  2 ball lightnings (Pan)
  2 bushes
  A demonic plant (Abyss:6)
  412 fire vortices
  4 foxfires
  56 fungi
  A lurking horror (Abyss:6)
  180 plants
  2 starspawn tentacles
  5 tentacles (Shoals:4)
  4 withered plants (D:12)
685 creatures vanquished.

Grand Total: 7260 creatures vanquished

Notes
Turn   | Place    | Note
-------+----------+-------------------------------------------
     0 | D:1      | hellse the Gargoyle Earth Elementalist began the quest for
                  | the Orb.
     0 | D:1      | Reached XP level 1. HP: 10/10 MP: 3/3
   249 | D:1      | Reached XP level 2. HP: 15/15 MP: 3/5
   891 | D:2      | Reached skill level 5 in Earth Magic
   891 | D:2      | Reached XP level 3. HP: 19/19 MP: 3/6
   895 | D:2      | Learned a level 3 spell: Stone Arrow
  1841 | D:2      | Reached XP level 4. HP: 24/24 MP: 5/7
  2435 | D:4      | Found a shimmering altar of Xom.
  2451 | D:4      | Reached XP level 5. HP: 28/28 MP: 5/8
  2545 | D:5      | Entered Level 5 of the Dungeon
  2684 | D:5      | Found a shimmering blue altar of Sif Muna.
  2769 | D:5      | Noticed a lemure
  2771 | D:5      | Reached XP level 6. HP: 32/32 MP: 5/9
  2910 | D:5      | Noticed Ijyb
  2913 | D:5      | Noticed Pikel
  2918 | D:5      | Killed Ijyb
  3043 | D:5      | Pikel changed into Pikel the blink frog
  3043 | D:5      | Noticed Pikel
  3052 | D:5      | Killed Pikel the blink frog
  3053 | D:5      | Reached XP level 7. HP: 19/36 MP: 7/12
  3133 | D:5      | Reached skill level 1 in Conjurations
  3278 | D:5      | Reached skill level 5 in Conjurations
  3286 | D:5      | Reached XP level 8. HP: 34/41 MP: 0/13
  3638 | D:5      | Found a staircase to the Ecumenical Temple.
  3647 | Temple   | Entered the Ecumenical Temple
  3873 | Temple   | Became a worshipper of Vehumet
  4127 | D:3      | Found Puunkah's Antique Weapon Shoppe.
  4950 | D:4      | Reached skill level 1 in Fighting
  5745 | D:5      | Found a bloodstained altar of Trog.
  5745 | D:5      | Found a basalt altar of Yredelemnul.
  6012 | D:6      | Reached XP level 9. HP: 42/49 MP: 11/14
  6095 | D:6      | You fall into a shaft and drop 2 floors!
  6150 | D:8      | Reached skill level 10 in Earth Magic
  6206 | D:8      | Identified the +0 chain mail "Jofrozoh" {rF+++ Str-3 Int+5
                  | Dex-3 SInv}
  6300 | D:6      | Found a sacrificial altar of Ru.
  6423 | D:6      | Reached skill level 1 in Shields
  6513 | D:6      | Found a hazy altar of Hepliaklqana.
  6564 | D:6      | Reached * piety under Vehumet
  6564 | D:6      | Offered knowledge of Foxfire by Vehumet.
  6783 | D:7      | Learned a level 3 spell: Mephitic Cloud
  7270 | D:7      | Reached skill level 5 in Spellcasting
  7339 | D:7      | Noticed a hornet
  7341 | D:7      | Killed a hornet
  7425 | D:7      | Found a runed translucent door.
  7425 | D:7      | Noticed bigduke15's ghost (novice FoFi)
  7791 | D:8      | Reached XP level 10. HP: 55/55 MP: 2/20
  7904 | D:8      | Noticed Erica
  7919 | D:8      | Killed Erica
  8133 | D:8      | Offered knowledge of Momentum Strike by Vehumet.
  8134 | D:8      | Reached skill level 10 in Conjurations
  8204 | D:8      | Reached ** piety under Vehumet
  8445 | D:8      | Noticed Grum
  8449 | D:8      | Killed Grum
  8961 | D:9      | Identified the +3 whip "Faczaihy" {flame, rPois rCorr MP+9
                  | Str-3}
  9062 | D:9      | Reached skill level 5 in Fighting
  9110 | D:9      | Learned a level 5 spell: Lightning Bolt
  9348 | D:9      | Learned a level 2 spell: Blink
  9365 | D:9      | Reached skill level 1 in Air Magic
  9797 | D:10     | Entered Level 10 of the Dungeon
  9816 | D:10     | Found a staircase to the Lair.
  9816 | D:10     | Noticed an elephant
  9816 | D:10     | Noticed Nergalle
  9917 | D:10     | Reached XP level 11. HP: 64/64 MP: 21/21
  9976 | D:10     | Identified the +3 robe of Conscience {Regen+ Dex+4}
  9981 | D:10     | Found an opulent altar of Gozag.
  9982 | D:10     | Found a white marble altar of Elyvilon.
  9983 | D:10     | Found a broken altar of Ashenzari.
 10026 | D:10     | Offered knowledge of Searing Ray by Vehumet.
 10135 | D:10     | Killed Nergalle
 10136 | D:10     | Reached skill level 5 in Air Magic
 10797 | Lair:1   | Entered Level 1 of the Lair of Beasts
 11758 | Lair:2   | Noticed a six-headed hydra
 11765 | Lair:2   | Killed a six-headed hydra
 11830 | Lair:2   | Reached *** piety under Vehumet
 12087 | Lair:2   | Found a shimmering blue altar of Sif Muna.
 12147 | Lair:2   | Found a runed translucent door.
 12454 | Lair:2   | Noticed KennySheep's ghost (journeyman AtBr)
 12477 | Lair:2   | Killed KennySheep's ghost
 12651 | D:7      | Killed bigduke15's ghost
 12652 | D:7      | Reached XP level 12. HP: 68/68 MP: 22/22
 12756 | Lair:3   | Found a staircase to the Shoals.
 12831 | Lair:3   | Offered knowledge of Sticky Flame by Vehumet.
 13500 | Lair:3   | Found a staircase to the Snake Pit.
 13639 | Lair:3   | Learned a level 5 spell: Lee's Rapid Deconstruction
 14080 | Lair:4   | Upgraded the game from 0.30-a0-802-gb92711bcdf to
                  | 0.30-a0-824-g6c64550be9
 14226 | Lair:4   | Noticed a boulder beetle
 14235 | Lair:4   | a boulder beetle changed into a wolf spider
 14691 | Lair:4   | Reached **** piety under Vehumet
 14986 | Lair:4   | Found a runed translucent door.
 14991 | Lair:4   | Noticed an eight-headed hydra
 15006 | Lair:4   | Killed an eight-headed hydra
 15044 | Lair:4   | Noticed Sonja
 15046 | Lair:4   | Sonja changed into Sonja the sky beast
 15046 | Lair:4   | Noticed Sonja
 15048 | Lair:4   | Killed Sonja the sky beast
 15120 | Lair:4   | Reached XP level 13. HP: 72/72 MP: 12/25
 15199 | Lair:4   | Noticed an acid blob
 15200 | Lair:4   | Noticed an acid blob
 15201 | Lair:4   | Found a staircase to the Slime Pits.
 15349 | Lair:5   | Entered Level 5 of the Lair of Beasts
 15426 | Lair:5   | Found a gate leading to a gauntlet.
 15440 | Gauntlet | Entered a Gauntlet
 15440 | Gauntlet | Found a large runed translucent door.
 15440 | Gauntlet | Found a large runed translucent door.
 15440 | Gauntlet | Found a large runed translucent door.
 15440 | Gauntlet | Found a large runed translucent door.
 15440 | Gauntlet | Found a runed translucent door.
 15440 | Gauntlet | Found a large runed translucent door.
 15440 | Gauntlet | Found a large runed translucent door.
 15440 | Gauntlet | Found a transporter.
 15440 | Gauntlet | Found a transporter.
 15440 | Gauntlet | Found a large runed translucent door.
 15440 | Gauntlet | Found a large runed translucent door.
 15440 | Gauntlet | Found a runed translucent gate.
 15440 | Gauntlet | Found a runed translucent gate.
 15440 | Gauntlet | Found a transporter.
 15467 | Gauntlet | Found a transporter.
 15467 | Gauntlet | Found a transporter.
 15467 | Gauntlet | Found a transporter.
 15478 | Gauntlet | Found a transporter.
 15481 | Gauntlet | Found a transporter.
 15483 | Gauntlet | Found a transporter.
 15491 | Gauntlet | Found a transporter.
 15537 | Gauntlet | Found a runed translucent gate.
 15538 | Gauntlet | Found a large runed translucent door.
 15538 | Gauntlet | Found a large runed translucent door.
 15539 | Gauntlet | Found a large runed translucent door.
 15540 | Gauntlet | Found a large runed translucent door.
 15541 | Gauntlet | Found a large runed translucent door.
 15541 | Gauntlet | Found a large runed translucent door.
 15541 | Gauntlet | Found a runed translucent door.
 15542 | Gauntlet | Found a large runed translucent door.
 15543 | Gauntlet | Found a large runed translucent door.
 15597 | Gauntlet | Found a transporter.
 15602 | Gauntlet | Noticed a dire elephant
 15607 | Gauntlet | Found a transporter.
 15709 | Gauntlet | Offered knowledge of Fireball by Vehumet.
 15718 | Gauntlet | Learned a level 5 spell: Fireball
 15724 | Gauntlet | Identified the amulet of Micwosh {Acrobat rCorr Int+2
                  | Slay-2}
 15848 | Gauntlet | Identified the +1 hat "Imoxethroin" {Will+ Str+3}
 15894 | Gauntlet | Noticed a minotaur
 15931 | Gauntlet | Killed a minotaur
 15932 | Gauntlet | Reached skill level 5 in Fire Magic
 15968 | Gauntlet | Got Hionibuf's Anthology of Red-Hot Snow
 16412 | Lair:5   | Reached skill level 10 in Fire Magic
 16503 | Lair:5   | Gained mutation: Your large and strong wings let you fly.
                  | [Gargoyle growth]
 16503 | Lair:5   | Reached XP level 14. HP: 78/78 MP: 26/26
 16917 | Lair:5   | Reached ***** piety under Vehumet
 16917 | Lair:5   | Offered knowledge of Iron Shot by Vehumet.
 16925 | Lair:5   | Learned a level 6 spell: Iron Shot
 17870 | Lair:5   | Found a corrupted altar of Lugonu.
 17870 | Lair:5   | Found a one-way gate to the infinite horrors of the Abyss.
 17876 | Lair:5   | Identified the +3 glaive "Betadul" {heavy, Drain rF+++
                  | Stlth+}
 18525 | D:11     | Found Gixeaz's Assorted Antiques.
 18641 | D:11     | Offered knowledge of Orb of Destruction by Vehumet.
 19246 | D:11     | Identified the +1 leather armour "Hoippych" {Regen+ rCorr
                  | Dex-4 Stlth+}
 19279 | D:12     | Noticed Erolcha
 19283 | D:12     | Killed Erolcha
 19284 | D:12     | Noticed Fannar
 19351 | D:11     | Learned a level 8 spell: Ignition
 19358 | D:12     | Killed Fannar
 19511 | D:12     | Found a broken altar of Ashenzari.
 19555 | D:12     | Reached XP level 15. HP: 82/82 MP: 23/27
 19717 | D:12     | Reached skill level 15 in Fire Magic
 20104 | D:12     | Found a staircase to the Orcish Mines.
 20353 | D:12     | Found a runed translucent gate.
 20354 | D:12     | Found a runed translucent gate.
 20354 | D:12     | Found a runed translucent gate.
 20354 | D:12     | Noticed cforsyth's ghost (journeyman KoBr)
 20355 | D:12     | Noticed baller8008's ghost (journeyman MiFi)
 20355 | D:12     | Noticed Pimp's ghost (journeyman MiFi)
 20627 | D:12     | Found the +2 shield of Resistance {rF++ rC++ Will++}
 20636 | D:12     | Killed cforsyth's ghost
 20657 | D:12     | Killed Pimp's ghost
 20720 | D:12     | Killed baller8008's ghost
 20897 | Orc:1    | Entered Level 1 of the Orcish Mines
 20913 | Orc:1    | Reached skill level 5 in Shields
 20928 | Orc:1    | Found a dark tunnel.
 20937 | Volcano  | Entered a volcano
 21115 | Volcano  | Found a bloodstained altar of Trog.
 21293 | Orc:1    | Noticed Jorgrun
 21296 | Orc:1    | Offered knowledge of Starburst by Vehumet.
 21301 | Orc:1    | Killed Jorgrun
 21328 | Orc:1    | Noticed Urug
 21334 | Orc:1    | Killed Urug
 21348 | Orc:1    | Learned a level 6 spell: Starburst
 21868 | Orc:2    | Entered Level 2 of the Orcish Mines
 21926 | Orc:2    | Found a flickering gateway to a bazaar.
 21936 | Bazaar   | Entered a bazaar
 21936 | Bazaar   | Found Nailluekob's Antique Armour Emporium.
 21975 | Bazaar   | Found Ruckesch's Weapon Emporium.
 21982 | Bazaar   | Found Winussak's Assorted Antiques.
 21990 | Bazaar   | Bought a scroll of identify for 50 gold pieces
 21993 | Bazaar   | Found Xiroqy's General Store.
 22138 | Orc:2    | Found a staircase to the Elven Halls.
 22492 | Orc:2    | Reached skill level 10 in Spellcasting
 22508 | Orc:2    | Found Wolurgh's Armour Emporium.
 22508 | Orc:2    | Found Ummafror's Antique Armour Emporium.
 22509 | Orc:2    | Found Ifaegid's Distillery.
 22509 | Orc:2    | Found Kicih's Book Shoppe.
 22524 | Orc:2    | Bought a potion of lignification for 36 gold pieces
 22528 | Orc:2    | Bought an ichor-stained cloak for 294 gold pieces
 22528 | Orc:2    | Identified the +2 cloak "Erezal" {Harm rC+ Str+2 Int+3}
                  | (You bought it in a shop on level 2 of the Orcish Mines)
 22690 | D:11     | Bought a ruby ring for 140 gold pieces
 22690 | D:11     | Bought an onyx ring for 140 gold pieces
 22774 | D:13     | Reached ****** piety under Vehumet
 23681 | D:14     | Offered knowledge of Spellforged Servitor by Vehumet.
 23682 | D:14     | Reached XP level 16. HP: 77/87 MP: 15/30
 23764 | D:14     | Upgraded the game from 0.30-a0-824-g6c64550be9 to
                  | 0.30-a0-840-ga523dec638
 23773 | D:14     | Found a gate to the Vaults.
 24631 | D:15     | Entered Level 15 of the Dungeon
 25251 | D:15     | Offered knowledge of Conjure Ball Lightning by Vehumet.
 25485 | D:15     | Found a staircase to the Depths.
 25553 | D:15     | Found a snail-covered altar of Cheibriados.
 25824 | Elf:1    | Entered Level 1 of the Elven Halls
 25925 | Elf:1    | Found Ynlupebu's Jewellery Shop.
 26014 | Elf:1    | Got the Codex of Zombies
 26211 | Elf:1    | Found an ancient bone altar of Kikubaaqudgha.
 26287 | Elf:1    | Found Xaipob's Magic Scroll Boutique.
 26314 | Elf:1    | Bought a scroll of magic mapping for 90 gold pieces
 26743 | Elf:1    | Found Luil's Book Emporium.
 27036 | Elf:1    | Bought a +6 ring of intelligence for 540 gold pieces
 27215 | Elf:2    | Reached XP level 17. HP: 100/100 MP: 31/31
 27444 | Elf:2    | Found a runed translucent gate.
 27445 | Elf:2    | Found a runed translucent gate.
 27445 | Elf:2    | Found a runed translucent gate.
 27487 | Elf:2    | Offered knowledge of Eringya's Noxious Bog by Vehumet.
 27566 | Elf:2    | Reached skill level 15 in Conjurations
 27644 | Elf:2    | Paralysed by an air elemental for 1 turns
 27697 | Elf:2    | Found Utaosi's Armour Boutique.
 28663 | Elf:3    | Entered Level 3 of the Elven Halls
 28936 | Elf:3    | Found Asoclynn's Distillery.
 28940 | Elf:3    | Bought a potion of heal wounds for 70 gold pieces
 28940 | Elf:3    | Bought a potion of brilliance for 56 gold pieces
 29591 | Elf:3    | Noticed a deep elf blademaster
 29680 | Elf:3    | Killed a deep elf blademaster
 29683 | Elf:3    | Offered knowledge of Lehudib's Crystal Spear by Vehumet.
 29707 | Elf:3    | Reached XP level 18. HP: 105/105 MP: 13/32
 30022 | Elf:3    | Reached skill level 15 in Earth Magic
 30058 | Elf:3    | Identified the +6 rapier of the Sage {venom, rN++ Dex+5
                  | SInv}
 30058 | Elf:3    | Identified the +0 leather armour of Usuta {+Blink Regen+
                  | Slay-4}
 30116 | Elf:3    | Identified the +2 robe of Depression {Fly rCorr Str-5}
 30213 | Elf:3    | Identified the +11 broad axe of Vuhucin {heavy, Dex+3
                  | Stlth+}
 30319 | Elf:3    | Identified the +12 spear "Yfothuni" {spect, rElec Will-
                  | rCorr SInv}
 30521 | Elf:3    | Got the Octavo of the Shifting Charnel House
 31046 | Snake:1  | Entered Level 1 of the Snake Pit
 31070 | Snake:1  | Found Uneojoz's Book Emporium.
 31071 | Snake:1  | Found Oxotanno's Jewellery Shop.
 31073 | Snake:1  | Found Som Masmi's Book Emporium.
 31074 | Snake:1  | Noticed Agnes
 31080 | Snake:1  | Killed Agnes
 31162 | Snake:1  | Reached skill level 5 in Dodging
 31401 | Snake:1  | You are sucked into a shaft and drop 1 floor!
 32609 | Snake:2  | Learned a level 8 spell: Lehudib's Crystal Spear
 32842 | Snake:2  | Offered knowledge of Fire Storm by Vehumet.
 32842 | Snake:2  | Offered knowledge of Shatter by Vehumet.
 32842 | Snake:2  | Offered knowledge of Chain Lightning by Vehumet.
 32907 | Snake:2  | Reached skill level 10 in Dodging
 33742 | Snake:3  | Identified the +5 great sword "Siefaq" {freeze, rElec rPois
                  | rF+++ rC- SInv}
 33792 | Snake:3  | Found Juriw's Assorted Antiques.
 33795 | Snake:3  | Found Eliyfowu's Jewellery Shoppe.
 33795 | Snake:3  | Found Wohegepi's General Store.
 33799 | Snake:3  | Found Voybref's Book Shoppe.
 33876 | Snake:3  | Bought a scroll of teleportation for 78 gold pieces
 33879 | Snake:3  | Bought a potion of brilliance for 64 gold pieces
 33879 | Snake:3  | Bought 2 potions of mutation for 256 gold pieces
 33879 | Snake:3  | Bought a scroll of fog for 64 gold pieces
 33882 | Snake:3  | Identified a scroll of acquirement
 33889 | Snake:3  | Acquired the +1 pair of boots "Zyvoqidd" {rN+ Int+6 Stlth+}
 34172 | Snake:3  | Found a broken altar of Ashenzari.
 34286 | Snake:3  | Reached XP level 19. HP: 110/110 MP: 22/33
 34826 | Snake:4  | Entered Level 4 of the Snake Pit
 35841 | Snake:4  | Got a serpentine rune of Zot
 35909 | Snake:4  | Found Adeboshy's Magic Scroll Boutique.
 35940 | Snake:4  | Bought a scroll of amnesia for 60 gold pieces
 35940 | Snake:4  | Bought a scroll of butterflies for 60 gold pieces
 36293 | Snake:4  | Found a large runed translucent door.
 36294 | Snake:4  | Found a large runed translucent door.
 36310 | Snake:4  | Noticed demibob's ghost (adept MiFi)
 36880 | Snake:4  | Killed demibob's ghost
 37182 | Shoals:1 | Entered Level 1 of the Shoals
 37642 | Shoals:1 | Found Opnuobath's Armour Shoppe.
 37688 | Shoals:1 | Got Iheryowk's Parchment of Assembling
 38262 | Shoals:2 | Noticed Aizul
 38338 | Shoals:2 | Killed Aizul
 38383 | Shoals:2 | Got the Incunabulum of Doom
 38490 | Shoals:2 | Reached XP level 20. HP: 109/115 MP: 33/36
 38960 | Shoals:2 | Noticed Donald
 38966 | Shoals:2 | Killed Donald
 39295 | Shoals:3 | Learned a level 9 spell: Shatter
 39403 | Shoals:3 | Noticed Bai Suzhen
 39408 | Shoals:3 | Killed Bai Suzhen
 40212 | Shoals:4 | Entered Level 4 of the Shoals
 40212 | Shoals:4 | Found Hantuan's Antique Weapon Emporium.
 40589 | Shoals:4 | Found Jiuj's Book Boutique.
 40792 | Shoals:4 | Got a barnacled rune of Zot
 40930 | Shoals:4 | Found Lirivokh's Jewellery Boutique.
 40963 | Shoals:4 | Found Daid's Weapon Shoppe.
 41569 | Vaults:1 | Entered Level 1 of the Vaults
 41653 | Vaults:1 | Noticed Asterion
 41656 | Vaults:1 | Killed Asterion
 41848 | Vaults:1 | Reached XP level 21. HP: 116/120 MP: 12/37
 43084 | Vaults:2 | Found a staircase to the Crypt.
 44469 | Vaults:3 | Reached XP level 22. HP: 113/125 MP: 36/38
 44749 | Vaults:3 | Identified the +4 broad axe of Trauma {freeze, rC+ rN++
                  | Int-3 SInv}
 45300 | Vaults:3 | Noticed Frederick
 45303 | Vaults:3 | Killed Frederick
 45577 | Vaults:3 | Learned a level 9 spell: Fire Storm
 45769 | Vaults:4 | Noticed Mara
 45771 | Vaults:4 | Noticed hellse's illusion
 45772 | Vaults:4 | Killed Mara
 46160 | Vaults:4 | Found a radiant altar of Vehumet.
 46193 | Vaults:4 | Identified the +1 robe "Abojy" {Will++ Int+3}
 46194 | Vaults:4 | Identified the +1 robe of the Tundras {Harm rF- rN+}
 47053 | Vaults:5 | Entered Level 5 of the Vaults
 47056 | Vaults:5 | Reached XP level 23. HP: 125/129 MP: 39/39
 47075 | Vaults:5 | Noticed a golden dragon
 47202 | Vaults:5 | Killed a golden dragon
 47647 | Vaults:5 | Identified the ring "Punies" {rC+ rN+ Str-3 Int+3 Dex+3}
 47839 | Vaults:5 | Identified the +8 rapier "Fyseinn" {flame, Stlth+}
 47839 | Vaults:5 | Identified the ring of the Smoking Gods {Str+3 Dex+6}
 47845 | Vaults:5 | Reached skill level 10 in Fighting
 48073 | Vaults:5 | Acquired the amulet of Usefast {rC++ rN+++ Regen+ Int-2
                  | SInv}
 48130 | Vaults:5 | Got the Excursus on the Wayfarer
 48199 | Vaults:5 | Noticed a golden dragon
 48201 | Vaults:5 | Killed a golden dragon
 48215 | Vaults:5 | Got the Quarto of Amorphous Chilblains
 48382 | Vaults:5 | Identified the +4 trident of the Middle {heavy, Contam rC+
                  | Dex+6}
 48498 | Vaults:5 | Found Qeosaoxt's Book Shoppe.
 48889 | Vaults:5 | Got a silver rune of Zot
 49280 | Shoals:4 | Bought the ring "Qehetoum" {rF+ rC+ rCorr Int+3} for 712
                  | gold pieces
 49532 | Orc:2    | Bought a potion of heal wounds for 60 gold pieces
 49532 | Orc:2    | Bought a potion of curing for 36 gold pieces
 49532 | Orc:2    | Bought a potion of curing for 36 gold pieces
 49532 | Orc:2    | Bought a potion of curing for 36 gold pieces
 49532 | Orc:2    | Bought a potion of curing for 36 gold pieces
 49532 | Orc:2    | Bought a potion of curing for 36 gold pieces
 49532 | Orc:2    | Bought a potion of curing for 36 gold pieces
 49532 | Orc:2    | Bought a potion of curing for 36 gold pieces
 49709 | Elf:3    | Bought a potion of mutation for 112 gold pieces
 49709 | Elf:3    | Bought a potion of mutation for 112 gold pieces
 49709 | Elf:3    | Bought a potion of curing for 42 gold pieces
 49709 | Elf:3    | Bought a potion of curing for 42 gold pieces
 49709 | Elf:3    | Bought a potion of invisibility for 112 gold pieces
 49709 | Elf:3    | Bought 2 potions of invisibility for 224 gold pieces
 49709 | Elf:3    | Bought a potion of curing for 42 gold pieces
 49777 | Elf:1    | Bought a scroll of fog for 48 gold pieces
 49777 | Elf:1    | Bought a scroll of fog for 48 gold pieces
 50017 | Slime:1  | Entered Level 1 of the Pits of Slime
 51537 | Slime:3  | Gained mutation: You possess an exceptional clarity of
                  | mind. [a shining eye]
 51542 | Slime:3  | Reached XP level 24. HP: 120/140 MP: 26/39
 51742 | Slime:3  | Found a viscous altar of Jiyva.
 52433 | Slime:4  | Gained mutation: You are weak. (Str -2) [a shining eye]
 52820 | Slime:5  | Entered Level 5 of the Pits of Slime
 52855 | Slime:5  | Noticed the Royal Jelly
 52859 | Slime:5  | Killed the Royal Jelly
 52893 | Slime:5  | Gained mutation: Armour fits poorly on your strangely
                  | shaped body. [a shining eye]
 53131 | Slime:5  | Got a slimy rune of Zot
 53132 | Slime:5  | Identified the +0 tower shield "Gingaurhou" {rC+ Str+3
                  | Stlth-}
 53133 | Slime:5  | Identified the +1 scale mail of the Heavens {Rampage rF+
                  | Will+ rCorr}
 53156 | Slime:5  | Identified the +0 helmet "Fuirhusi" {Rampage rF+}
 53157 | Slime:5  | Identified the amulet "Doanec" {Spirit rC+}
 53197 | Slime:5  | Identified the +2 robe of the Echidna {Rampage rPois Int+3}
 53808 | Crypt:1  | Entered Level 1 of the Crypt
 54704 | Crypt:2  | Identified the +2 robe "Faiq" {-Tele Rampage Regen+ Dex+8}
 55136 | Crypt:2  | Noticed Sojobo
 55141 | Crypt:2  | Killed Sojobo
 55710 | Crypt:3  | Entered Level 3 of the Crypt
 55740 | Crypt:3  | Reached XP level 25. HP: 145/146 MP: 9/39
 55804 | Crypt:3  | Noticed Khufu
 55809 | Crypt:3  | Killed Khufu
 55830 | Crypt:3  | Reached skill level 27 in Earth Magic
 56072 | Crypt:3  | Noticed Zenata
 56075 | Crypt:3  | Killed Zenata
 56098 | Crypt:3  | Found a staircase to the Tomb.
 56301 | Crypt:3  | Identified the +0 chain mail "Ginum" {Will+ MP+9}
 56525 | Crypt:3  | Found a basalt altar of Yredelemnul.
 56529 | Crypt:3  | Found an ancient bone altar of Kikubaaqudgha.
 56540 | Crypt:3  | Got Asmodeus's Guidebook on Amalgamated Lava
 56543 | Crypt:3  | Got Haugemp's Elucidation of the Escort and Feathers
 56567 | Crypt:3  | Got Kikubaaqudgha's Anthology of Evil Secrets
 57148 | Depths:1 | Entered Level 1 of the Depths
 57341 | Depths:1 | Found a runed translucent door.
 57495 | Depths:1 | Found a gateway to Hell.
 57515 | Depths:1 | Found a runed translucent gate.
 57516 | Depths:1 | Found a runed translucent gate.
 57516 | Depths:1 | Found a runed translucent gate.
 57517 | Depths:1 | Found an opulent altar of Gozag.
 57520 | Depths:1 | Found Biclium's Assorted Antiques.
 57520 | Depths:1 | Noticed Joiny's ghost (veteran GrGl)
 57528 | Depths:1 | Killed Joiny's ghost
 57567 | Depths:1 | Reached skill level 10 in Air Magic
 57661 | Depths:1 | Noticed a shard shrike
 57665 | Depths:1 | Killed a shard shrike
 57753 | Depths:1 | Bought a scroll of teleportation for 72 gold pieces
 57753 | Depths:1 | Bought a slimy sapphire amulet for 120 gold pieces
 57753 | Depths:1 | Identified the amulet "Zirikkuch" {Reflect Dex+2 SH+5} (You
                  | bought it in a shop on level 1 of the Depths)
 57753 | Depths:1 | Bought a scroll of teleportation for 72 gold pieces
 57770 | Depths:1 | Identified the ring "Raschiack" {EV+5 Str+2 Dex+6}
 57843 | Depths:1 | Found a runed translucent door.
 57862 | Depths:1 | Reached XP level 26. HP: 126/156 MP: 35/40
 58009 | Depths:1 | Got the Treatise on the Pyromaniac
 58809 | Depths:2 | Found a one-way gate leading to the halls of Pandemonium.
 58930 | Depths:2 | Identified the +5 falchion of Tiam {heavy, rN+ rCorr}
 58957 | Depths:2 | You are sucked into a shaft and drop 1 floor!
 58957 | Depths:3 | Found a shadowy altar of Dithmenos.
 59044 | Depths:3 | Identified the ring of Wemynu {rN+ Str+6 Dex+2}
 59085 | Depths:3 | Found a one-way gateway to a ziggurat.
 59324 | Depths:2 | Learned a level 8 spell: Maxwell's Capacitive Coupling
 59396 | Depths:2 | Got the Compendium of Entrancing Anemomancy
 60429 | Depths:3 | Identified the +0 leather armour "Kich" {*Slow +Inv rF+++
                  | Dex-2}
 60534 | Depths:3 | Noticed a juggernaut
 60539 | Depths:3 | Killed a juggernaut
 60628 | Depths:3 | Reached skill level 15 in Air Magic
 60651 | Depths:3 | Noticed a juggernaut
 60655 | Depths:3 | Killed a juggernaut
 60765 | Depths:3 | Noticed a juggernaut
 60770 | Depths:3 | Killed a juggernaut
 60819 | Depths:3 | Reached XP level 27. HP: 147/160 MP: 40/40
 60978 | Depths:3 | Got the Reference Book on Convocation and Variation
 61131 | Depths:3 | Found a bloodstained altar of Trog.
 61932 | Depths:4 | Entered Level 4 of the Depths
 62042 | Depths:4 | Learned a level 8 spell: Necromutation
 62060 | Depths:4 | Reached skill level 1 in Transmutations
 62078 | Depths:4 | Reached skill level 1 in Necromancy
 62198 | Depths:4 | Noticed Margery
 62199 | Depths:4 | Killed Margery
 62459 | Depths:4 | Found Alo Ruda's Overcharged Wands.
 62468 | Depths:4 | Bought a wand of digging (11) for 693 gold pieces
 62528 | Depths:4 | Noticed a juggernaut
 62532 | Depths:4 | Killed a juggernaut
 63375 | Depths:4 | Found a gate to the Realm of Zot.
 63380 | Depths:4 | Identified the +1 chain mail "Ratsatto" {Harm rPois}
 63459 | Zot:1    | Entered Level 1 of the Realm of Zot
 63462 | Zot:1    | Reached skill level 5 in Necromancy
 63462 | Zot:1    | Reached skill level 5 in Transmutations
 64517 | Zot:1    | Noticed an orb of fire
 64522 | Zot:1    | Gained mutation: You are clumsy. (Dex -2) [an orb of fire]
 64523 | Zot:1    | Killed an orb of fire
 66280 | Zot:2    | Upgraded the game from 0.30-a0-840-ga523dec638 to
                  | 0.30-a0-859-gf88a04b62d
 66441 | Zot:3    | Identified the ring "Ricsiaplu" {Ice Fly rN+ Str+6 Dex-4}
 66441 | Zot:3    | Noticed Josephina
 66445 | Zot:3    | Killed Josephina
 66596 | Zot:3    | Identified the +5 war axe "Ziew Upa" {flame, Int+4 Dex-2
                  | SInv}
 66700 | Zot:3    | Noticed an orb of fire
 66702 | Zot:3    | Gained mutation: You are very clumsy. (Dex -4) [an orb of
                  | fire]
 66704 | Zot:3    | Killed an orb of fire
 67059 | Zot:3    | Noticed an orb of fire
 67066 | Zot:3    | Killed an orb of fire
 67211 | Zot:3    | Reached skill level 10 in Transmutations
 67244 | Zot:3    | Reached skill level 10 in Necromancy
 68044 | Zot:4    | Identified the +6 morningstar "Orb Guardian's Foe" {heavy,
                  | Int+3} (You took it off a draconian shifter on level 4 of
                  | the Realm of Zot)
 68051 | Zot:4    | Identified the +5 chain mail "Ysiss" {rElec Dex-2 Stlth+}
 69009 | Zot:5    | Entered Level 5 of the Realm of Zot
 69427 | Zot:5    | Noticed an orb of fire
 69431 | Zot:5    | Killed an orb of fire
 69658 | Zig:1    | Entered Level 1 of a ziggurat
 69677 | Zig:2    | Entered Level 2 of a ziggurat
 69683 | Zig:2    | Reached skill level 1 in Throwing
 69690 | Zig:2    | Lost mutation: You possess an exceptional clarity of mind.
                  | [potion of mutation]
 69690 | Zig:2    | Lost mutation: You are very clumsy. (Dex -4) [potion of
                  | mutation]
 69690 | Zig:2    | Gained mutation: Your mind is acute. (Int +4, Str/Dex -1)
                  | [potion of mutation]
 69690 | Zig:2    | Gained mutation: You are robust. (+10% HP) [potion of
                  | mutation]
 69690 | Zig:2    | Gained mutation: You possess an exceptional clarity of
                  | mind. [potion of mutation]
 69714 | Zig:3    | Entered Level 3 of a ziggurat
 69717 | Zig:3    | Noticed a juggernaut
 69720 | Zig:3    | Killed a juggernaut
 69734 | Zig:3    | Identified the +8 chain mail "Leteonut" {rPois Str-2 SInv}
 69737 | Zig:4    | Entered Level 4 of a ziggurat
 69766 | Zig:5    | Entered Level 5 of a ziggurat
 69799 | Zig:6    | Entered Level 6 of a ziggurat
 69805 | Zig:6    | Found the +11 Singing Sword {sonic wave}
 69810 | Zig:6    | Reached skill level 5 in Throwing
 69852 | Zig:7    | Entered Level 7 of a ziggurat
 69881 | Zig:7    | Acquired 837 gold pieces
 69885 | Zig:8    | Entered Level 8 of a ziggurat
 69923 | Zig:8    | Identified the +9 plate armour of Ocsohyah {rElec rCorr
                  | Int+2 SInv}
 69926 | Zig:9    | Entered Level 9 of a ziggurat
 69960 | Zig:9    | Identified the +5 glaive of the Destroying Augurer {holy,
                  | rElec Int-4 Dex+7}
 69972 | Zig:10   | Entered Level 10 of a ziggurat
 69996 | Zig:10   | Identified the +9 dagger "Sefef" {speed, rC+ Will+ Int+4}
 70029 | Zig:11   | Entered Level 11 of a ziggurat
 70037 | Zig:11   | Noticed a juggernaut
 70042 | Zig:11   | Killed a juggernaut
 70087 | Zig:11   | Identified the +6 rapier "Adashiph" {flame, Fragile rElec
                  | Str+4 Dex-5}
 70092 | Zig:11   | Identified the +6 quick blade of the Wasp {heavy, Dex+4
                  | SInv}
 70096 | Zig:12   | Entered Level 12 of a ziggurat
 70105 | Zig:12   | Reached skill level 10 in Throwing
 70127 | Zig:12   | Identified the ring of Jethigg {Fire rPois Slay+3}
 70130 | Zig:12   | Identified the amulet "Darghieva" {Faith Fly rElec Int+3
                  | Dex+2}
 70143 | Zig:12   | Identified the -2 cloak "Pitiytot" {rN+}
 70160 | Zig:13   | Entered Level 13 of a ziggurat
 70173 | Zig:13   | Noticed a royal mummy
 70177 | Zig:13   | Killed a royal mummy
 70211 | Zig:13   | Identified the +3 great sword of World Downfall {vamp,
                  | Drain rPois rF+ Int+3 Dex+6}
 70219 | Zig:13   | Identified the amulet "Viv Unn" {Faith rElec}
 70257 | Zig:14   | Entered Level 14 of a ziggurat
 70300 | Zig:14   | Identified the ring of the Dripping Gods {*Slow +Blink
                  | rPois Dex+6}
 70317 | Zig:14   | Identified the +1 scale mail of the Northern Lights {Will+
                  | Int+3}
 70327 | Zig:14   | Identified the +8 war axe "Coliotegoez" {pain, SInv}
 70346 | Zig:15   | Entered Level 15 of a ziggurat
 70364 | Zig:15   | Reached skill level 15 in Spellcasting
 70398 | Zig:15   | Identified the +9 sling "Killer Bee's Death" {flame, rF+
                  | rC- Int+3}
 70410 | Zig:15   | Identified the ring of the Feral God {rC- MP+9 Str+4 Slay-2
                  | SInv}
 70413 | Zig:16   | Entered Level 16 of a ziggurat
 70438 | Zig:16   | Reached skill level 10 in Ice Magic
 70438 | Zig:16   | Noticed a dread lich
 70441 | Zig:16   | Killed a dread lich
 70482 | Zig:16   | Identified the ring "Didd" {rElec Int+6}
 70484 | Zig:16   | Acquired 383 gold pieces
 70495 | Zig:17   | Entered Level 17 of a ziggurat
 70527 | Zig:17   | Identified the +1 arbalest of Tiul {drain, Int+6}
 70532 | Zig:17   | Identified the +5 falchion of Niggy {flame, MP+9 Int-3
                  | SInv}
 70540 | Zig:17   | Identified the +2 robe of Ulubb {rF+ Will+ Str+2}
 70545 | Zig:17   | Identified the +12 halberd of Moderation {spect, Int+2}
 70554 | Zig:17   | Identified the +7 scale mail of Kives {rPois rC+}
 70560 | Zig:18   | Entered Level 18 of a ziggurat
 70569 | Zig:18   | Noticed a royal mummy
 70569 | Zig:18   | Noticed a royal mummy
 70569 | Zig:18   | Noticed a royal mummy
 70570 | Zig:18   | Noticed a royal mummy
 70571 | Zig:18   | Noticed a royal mummy
 70572 | Zig:18   | Noticed a royal mummy
 70573 | Zig:18   | Killed a royal mummy
 70573 | Zig:18   | Killed a royal mummy
 70573 | Zig:18   | Killed a royal mummy
 70573 | Zig:18   | Killed a royal mummy
 70573 | Zig:18   | Killed a royal mummy
 70573 | Zig:18   | Noticed a royal mummy
 70575 | Zig:18   | Killed a royal mummy
 70575 | Zig:18   | Noticed a royal mummy
 70576 | Zig:18   | Killed a royal mummy
 70577 | Zig:18   | Noticed a royal mummy
 70579 | Zig:18   | Noticed a royal mummy
 70580 | Zig:18   | Killed a royal mummy
 70581 | Zig:18   | Killed a royal mummy
 70582 | Zig:18   | Killed a royal mummy
 70583 | Zig:18   | Reached skill level 15 in Ice Magic
 70732 | Zig:18   | Identified the ring "Janueniu" {rC+ SInv}
 70735 | Zig:18   | Got Vesaimar's Papyrus of Hot Permutations
 70741 | Zig:19   | Entered Level 19 of a ziggurat
 70764 | Zig:19   | Found the +2 Maxwell's thermic engine {flame, freeze}
 70769 | Zig:19   | Identified the +3 ring mail of Peek-a-Boo {Harm rF- Str+3
                  | SInv}
 70772 | Zig:19   | Identified the +12 chain mail "Gaseifei" {Str+5}
 70787 | Zig:19   | Got Umydgh's Incunabulum of Black Words
 70815 | Zig:19   | Learned a level 9 spell: Polar Vortex
 70816 | Zig:20   | Entered Level 20 of a ziggurat
 70850 | Zig:20   | Found the +27 heavy crossbow "Sniper" {heavy, Acc+∞ SInv}
 70918 | Zig:21   | Entered Level 21 of a ziggurat
 70948 | Zig:21   | Found the +8 autumn katana {manifold assault}
 70976 | Zig:21   | Identified the ring of the Chupacabra {rC+ Will+ Str+3
                  | Int+3}
 70986 | Zig:21   | Identified the +8 spear of Siqeasho {drain, Dex+5}
 70989 | Zig:21   | Identified the +1 leather armour of Death Resistance
                  | {Regen+ Str+2}
 71074 | Zig:22   | Entered Level 22 of a ziggurat
 71089 | Zig:22   | Noticed a dread lich
 71089 | Zig:22   | Killed a dread lich
 71455 | Zig:22   | Found the +10 tower shield of Ignorance {rN+ Int-4}
 71468 | Zig:22   | Identified the +5 falchion of Ignis's Displeasure {pain,
                  | rPois rC+}
 71484 | Zig:22   | Identified the +5 dagger of the Beastly God {spect, *Slow
                  | Int+3 Dex+3}
 71486 | Zig:22   | Identified the +2 leather armour of Apathy {rElec}
 71492 | Zig:23   | Entered Level 23 of a ziggurat
 71503 | Zig:23   | Reached skill level 15 in Fighting
 71570 | Zig:23   | Identified the +1 plate armour of a Gauntlet {rElec rC++
                  | Will- rCorr}
 71571 | Zig:23   | Identified the +11 mace of the Exiled Songs {protect,
                  | Str+4}
 71726 | Zig:24   | Entered Level 24 of a ziggurat
 71770 | Zig:24   | Identified the +3 quarterstaff "Seugosif" {drain, Drain
                  | rN++}
 71881 | Zig:25   | Entered Level 25 of a ziggurat
 71927 | Zig:25   | Found the +8 arc blade {discharge, rElec}
 71928 | Zig:25   | Found the +8 mithril axe "Arga" {speed, Will+}
 71934 | Zig:25   | Identified the +1 broad axe "Gigranen" {drain, rPois rN+}
 71937 | Zig:25   | Identified the ring "Uskipn" {Int+6 Slay+3}
 71961 | Zig:25   | Identified the ring "Jemoh" {Fire Str-4 Dex+4 SInv}
 71962 | Zig:25   | Identified the +11 great sword "Rakoepne" {protect, Will+
                  | MP+9 Int-3}
 71976 | Zig:26   | Entered Level 26 of a ziggurat
 71986 | Zig:26   | Noticed a dread lich
 71988 | Zig:26   | Noticed a dread lich
 71988 | Zig:26   | Noticed a dread lich
 71988 | Zig:26   | Noticed an ancient lich
 71989 | Zig:26   | Killed a dread lich
 71989 | Zig:26   | Killed a dread lich
 71989 | Zig:26   | Killed a dread lich
 71989 | Zig:26   | Noticed a dread lich
 71990 | Zig:26   | Killed an ancient lich
 71990 | Zig:26   | Killed a dread lich
 71992 | Zig:26   | Noticed a dread lich
 71993 | Zig:26   | Killed a dread lich
 71995 | Zig:26   | Noticed an ancient lich
 71997 | Zig:26   | Killed an ancient lich
 71999 | Zig:26   | Noticed an ancient lich
 71999 | Zig:26   | Noticed a dread lich
 72000 | Zig:26   | Noticed a dread lich
 72001 | Zig:26   | Killed an ancient lich
 72001 | Zig:26   | Killed a dread lich
 72002 | Zig:26   | Noticed a dread lich
 72002 | Zig:26   | Killed a dread lich
 72002 | Zig:26   | Killed a dread lich
 72023 | Zig:26   | Identified the ring "Wats" {rC+ Str+2 Int+6 Dex-4}
 72029 | Zig:26   | Identified the amulet of Symmetry {Faith rElec Regen+ SInv}
 72030 | Zig:26   | Identified the ring of Athou {rF+ Will+ rCorr Int+6}
 72065 | Zig:26   | Learned a level 8 spell: Borgnjor's Revivification
 72066 | Zig:27   | Entered Level 27 of a ziggurat
 72122 | Zig:27   | Identified the ring "Feapinn" {rElec rN+ MP+9}
 72135 | Zig:27   | Identified the ring "Ressaud" {rElec rCorr AC+4 Str+7
                  | Dex-4}
 72139 | Zig:27   | Identified the ring "Calese" {rN+ rCorr Str+3 Stlth+}
 72140 | Zig:27   | Identified the amulet "Hoit" {Acrobat rElec Str+2}
 72153 | Zig:27   | Identified the +1 scale mail "Hero's Friend" {rC+++ rN+
                  | Int+3 Stlth+}
 72165 | Zig:27   | Identified the +4 sling of the Priest {antimagic, rF+ rC+
                  | Will+ rCorr}
 72234 | Depths:3 | Upgraded the game from 0.30-a0-859-gf88a04b62d to
                  | 0.30-a0-860-g512cf1e979
 72245 | Depths:3 | Learned a level 9 spell: Chain Lightning
 72270 | Hell     | Entered the Vestibule of Hell
 72270 | Hell     | Noticed Geryon
 72282 | Hell     | Killed Geryon
 72471 | Hell     | Found a gateway to the Iron City of Dis.
 72523 | Hell     | Found a gateway to the ashen valley of Gehenna.
 72568 | Hell     | Found a gateway to the decaying netherworld of Tartarus.
 72626 | Hell     | Found a gateway to the freezing wastes of Cocytus.
 72825 | Depths:3 | Voluntarily entered the Abyss.
 72986 | Abyss:4  | Reached skill level 1 in Armour
 73025 | Abyss:6  | Found a corrupted altar of Lugonu.
 73033 | Abyss:6  | Found a corrupted altar of Lugonu.
 73053 | Abyss:6  | Found a corrupted altar of Lugonu.
 73068 | Abyss:6  | Reached skill level 5 in Armour
 73077 | Abyss:6  | Got an abyssal rune of Zot
 73081 | Depths:3 | Escaped the Abyss
 73535 | Tomb:1   | Entered Level 1 of the Tomb of the Ancients
 73547 | Tomb:1   | Noticed a royal mummy
 73549 | Tomb:1   | Killed a royal mummy
 73552 | Tomb:1   | Noticed a royal mummy
 73556 | Tomb:1   | Killed a royal mummy
 73561 | Tomb:1   | Noticed a royal mummy
 73564 | Tomb:1   | Killed a royal mummy
 73566 | Tomb:1   | Noticed a royal mummy
 73643 | Tomb:1   | Killed a royal mummy
 73646 | Tomb:1   | Noticed a royal mummy
 73647 | Tomb:1   | Noticed a royal mummy
 73647 | Tomb:1   | Noticed a royal mummy
 73649 | Tomb:1   | Killed a royal mummy
 73649 | Tomb:1   | Killed a royal mummy
 73650 | Tomb:1   | Killed a royal mummy
 73660 | Tomb:1   | Noticed a royal mummy
 73663 | Tomb:1   | Killed a royal mummy
 73866 | Tomb:1   | Noticed a royal mummy
 73869 | Tomb:1   | Killed a royal mummy
 74054 | Tomb:1   | Noticed a royal mummy
 74057 | Tomb:1   | Killed a royal mummy
 74358 | Tomb:1   | Noticed a royal mummy
 74361 | Tomb:1   | Killed a royal mummy
 74666 | Tomb:1   | Noticed a royal mummy
 74669 | Tomb:1   | Killed a royal mummy
 74878 | Tomb:2   | Noticed a royal mummy
 74878 | Tomb:2   | Noticed a royal mummy
 74879 | Tomb:2   | Noticed a royal mummy
 74879 | Tomb:2   | Noticed a royal mummy
 74881 | Tomb:2   | Killed a royal mummy
 74881 | Tomb:2   | Killed a royal mummy
 74881 | Tomb:2   | Killed a royal mummy
 74882 | Tomb:2   | Killed a royal mummy
 75049 | Tomb:2   | Reached skill level 10 in Shields
 75328 | Tomb:3   | Entered Level 3 of the Tomb of the Ancients
 75335 | Tomb:3   | Noticed a royal mummy
 75335 | Tomb:3   | Noticed a royal mummy
 75337 | Tomb:3   | Killed a royal mummy
 75338 | Tomb:3   | Killed a royal mummy
 75340 | Tomb:3   | Noticed a royal mummy
 75343 | Tomb:3   | Noticed a royal mummy
 75343 | Tomb:3   | Noticed a royal mummy
 75344 | Tomb:3   | Killed a royal mummy
 75344 | Tomb:3   | Killed a royal mummy
 75344 | Tomb:3   | Noticed a royal mummy
 75345 | Tomb:3   | Killed a royal mummy
 75350 | Tomb:3   | Noticed a royal mummy
 75351 | Tomb:3   | Killed a royal mummy
 75352 | Tomb:3   | Killed a royal mummy
 75356 | Tomb:3   | Noticed a royal mummy
 75358 | Tomb:3   | Reached skill level 10 in Armour
 75358 | Tomb:3   | Killed a royal mummy
 75360 | Tomb:3   | Noticed a royal mummy
 75363 | Tomb:3   | Killed a royal mummy
 75398 | Tomb:3   | Identified the ring "Qoukic Fio" {Drain +Blink rPois rCorr
                  | SInv}
 75472 | Tomb:3   | Identified the ring "Reystim" {rN+ Stlth+}
 75500 | Tomb:3   | Acquired the +2 pair of slick slippers {slick, slippery,
                  | EV+5}
 75500 | Tomb:3   | Found the +2 pair of slick slippers {slick, slippery, EV+5}
 75704 | Tomb:3   | Got a golden rune of Zot
 75748 | Tomb:3   | Identified the +2 leather armour "Niki Len" {rN++ Int+4
                  | Dex-2}
 75749 | Tomb:3   | Identified the +6 spear "Raoxtaoz" {elec, Str+3 Dex+3}
 75760 | Tomb:3   | Identified the +4 morningstar "Pukaagik" {heavy, Fragile
                  | Fly rPois Str+6}
 75762 | Tomb:3   | Identified the +7 great mace of Vuotz {freeze, rC+}
 76678 | Elf:3    | Bought a potion of might for 56 gold pieces
 76746 | Elf:1    | Bought a scroll of enchant weapon for 90 gold pieces
 76774 | Elf:1    | Bought a Necronomicon for 784 gold pieces
 77092 | Snake:1  | Bought the ring "Housec" {rN+++ rCorr MP+9 Str+5 Stlth-}
                  | for 627 gold pieces
 77166 | Snake:3  | Bought a scroll of enchant armour for 195 gold pieces
 77166 | Snake:3  | Bought 2 potions of curing for 156 gold pieces
 77600 | Depths:4 | Bought a wand of quicksilver (18) for 1134 gold pieces
 77600 | Depths:4 | Bought a wand of iceblast (18) for 648 gold pieces
 77600 | Depths:4 | Bought a wand of iceblast (18) for 648 gold pieces
 77641 | Depths:3 | Learned a level 7 spell: Ozocubu's Refrigeration
 77642 | Zig:1    | Entered Level 1 of a ziggurat
 77667 | Zig:2    | Entered Level 2 of a ziggurat
 77667 | Zig:2    | Noticed an ancient lich
 77669 | Zig:2    | Killed an ancient lich
 77689 | Zig:3    | Entered Level 3 of a ziggurat
 77708 | Zig:4    | Entered Level 4 of a ziggurat
 77723 | Zig:4    | Identified the +5 sling "Toime" {freeze, Dex+3}
 77730 | Zig:5    | Entered Level 5 of a ziggurat
 77764 | Zig:6    | Entered Level 6 of a ziggurat
 77796 | Zig:7    | Entered Level 7 of a ziggurat
 77799 | Zig:7    | Noticed a royal mummy
 77799 | Zig:7    | Noticed a royal mummy
 77802 | Zig:7    | Killed a royal mummy
 77803 | Zig:7    | Killed a royal mummy
 77822 | Zig:7    | Identified the +1 ring mail of Dishonesty {Harm}
 77847 | Zig:8    | Entered Level 8 of a ziggurat
 77854 | Zig:8    | Noticed a dread lich
 77855 | Zig:8    | Killed a dread lich
 77856 | Zig:8    | Noticed a dread lich
 77858 | Zig:8    | Killed a dread lich
 77865 | Zig:8    | Identified the +1 halberd of Breach {protect, Str+3}
 77886 | Zig:9    | Entered Level 9 of a ziggurat
 77922 | Zig:9    | Identified the ring "Sicuy" {Ice Fly Str+3 Stlth+}
 77927 | Zig:9    | Identified the +5 whip of the Lumpy Hells {venom, rF+ Dex+2
                  | SInv}
 77931 | Zig:10   | Entered Level 10 of a ziggurat
 77949 | Zig:10   | Identified the +6 battleaxe of the Pit {drain, rElec rN+}
 77971 | Zig:11   | Entered Level 11 of a ziggurat
 77999 | Zig:11   | Identified the +7 scimitar of Vuyryl Tyuwk {venom, rPois
                  | rF+ rC+ Int+3}
 78021 | Zig:11   | Acquired the +1 hat "Ofuimpa" {rPois Will+ Int+4 Dex-2}
 78041 | Zig:11   | Identified the +3 war axe of Teghuroul {freeze, rElec
                  | Int+3}
 78102 | Zig:12   | Entered Level 12 of a ziggurat
 78112 | Zig:12   | Found the +1 robe of Vines {NoPotionHeal Regen++++}
 78140 | Zig:12   | Got the Discursus on the Transposed Fair Folk
 78151 | Zig:12   | Reached skill level 27 in Spellcasting
 78164 | Zig:12   | Learned a level 9 spell: Death's Door
 78174 | Zig:12   | Reached skill level 15 in Necromancy
 78233 | Zig:13   | Entered Level 13 of a ziggurat
 78238 | Zig:13   | Noticed Puafothrupna the pandemonium lord
 78239 | Zig:13   | Noticed Pargheb the pandemonium lord
 78241 | Zig:13   | Noticed Wyaq the pandemonium lord
 78243 | Zig:13   | Noticed Zonozegu the pandemonium lord
 78244 | Zig:13   | Killed Puafothrupna the pandemonium lord
 78244 | Zig:13   | Killed Pargheb the pandemonium lord
 78246 | Zig:13   | Noticed Athro the pandemonium lord
 78246 | Zig:13   | Killed Wyaq the pandemonium lord
 78248 | Zig:13   | Killed Zonozegu the pandemonium lord
 78249 | Zig:13   | Noticed Culiar the pandemonium lord
 78252 | Zig:13   | Killed Athro the pandemonium lord
 78253 | Zig:13   | Killed Culiar the pandemonium lord
 78265 | Zig:13   | Found the +3 pair of seven-league boots {Rampage+∞}
 78297 | Zig:13   | Identified the +0 whip of Light {flame, rElec Int+2}
 78426 | Zig:14   | Entered Level 14 of a ziggurat
 78441 | Zig:14   | Noticed a dread lich
 78441 | Zig:14   | Noticed a dread lich
 78442 | Zig:14   | Killed a dread lich
 78444 | Zig:14   | Killed a dread lich
 78453 | Zig:14   | Identified the +4 ring mail "Jior" {Int+4}
 78483 | Zig:14   | Identified the +3 great sword of Akhuryer {protect, rN+
                  | Str+3 Dex+3}
 78486 | Zig:15   | Entered Level 15 of a ziggurat
 78496 | Zig:15   | Noticed a dread lich
 78497 | Zig:15   | Noticed a dread lich
 78497 | Zig:15   | Noticed a dread lich
 78498 | Zig:15   | Killed a dread lich
 78498 | Zig:15   | Killed a dread lich
 78498 | Zig:15   | Noticed a dread lich
 78499 | Zig:15   | Killed a dread lich
 78499 | Zig:15   | Killed a dread lich
 78499 | Zig:15   | Noticed an ancient lich
 78501 | Zig:15   | Killed an ancient lich
 78503 | Zig:15   | Noticed a dread lich
 78505 | Zig:15   | Killed a dread lich
 78550 | Zig:16   | Entered Level 16 of a ziggurat
 78587 | Zig:16   | Identified the +2 pair of boots of the Pleiades {rF+ Will+
                  | rCorr}
 78597 | Zig:16   | Identified the amulet of the Equinox {Faith rElec Will+
                  | Int-3 Dex+6 Stlth+}
 78602 | Zig:16   | Identified the +1 hand axe of Shame {distort, Int+5}
 78607 | Zig:17   | Entered Level 17 of a ziggurat
 78623 | Zig:17   | Noticed an orb of fire
 78624 | Zig:17   | Noticed an orb of fire
 78625 | Zig:17   | Noticed an orb of fire
 78626 | Zig:17   | Noticed an orb of fire
 78628 | Zig:17   | Noticed an orb of fire
 78628 | Zig:17   | Noticed an orb of fire
 78629 | Zig:17   | Noticed an orb of fire
 78631 | Zig:17   | Killed an orb of fire
 78631 | Zig:17   | Killed an orb of fire
 78632 | Zig:17   | Killed an orb of fire
 78633 | Zig:17   | Killed an orb of fire
 78633 | Zig:17   | Killed an orb of fire
 78633 | Zig:17   | Killed an orb of fire
 78635 | Zig:17   | Killed an orb of fire
 78915 | Zig:17   | Found the +9 staff of Wucad Mu {*channel}
 78924 | Zig:17   | Identified the +2 bardiche of Geomm {freeze, rPois rN+
                  | Will+ Dex+4}
 78925 | Zig:17   | Identified the +1 morningstar "Ogreslayer" {venom, rC- MP+9
                  | Str+3}
 78935 | Zig:17   | Identified the +10 falchion of the Thirsty Ships {elec,
                  | Contam rPois rCorr}
 78952 | Zig:18   | Entered Level 18 of a ziggurat
 79014 | Zig:18   | Acquired 608 gold pieces
 79017 | Zig:18   | Reached skill level 27 in Ice Magic
 79106 | Zig:19   | Entered Level 19 of a ziggurat
 79154 | Zig:19   | Identified the +3 broad axe of the Everdark {heavy, Str+3
                  | Dex+2}
 79156 | Zig:19   | Got Sif Muna's Tome of the Ruinous Oath
 79165 | Zig:19   | Identified the +7 long sword of Vyhigamp {holy, Fragile
                  | +Blink rCorr Stlth+}
 79174 | Zig:19   | Identified the +4 war axe "Mayluloc" {heavy, Will+++ rCorr
                  | Str-2 Int+4}
 79252 | Zig:20   | Entered Level 20 of a ziggurat
 79311 | Zig:20   | Identified the +0 pair of gloves of Mowaojaq {rC- Will+
                  | Slay+6 SInv}
 79324 | Zig:20   | Identified the ring "Cywoymm" {rC+ rN+ Str-3 Dex+3}
 79327 | Zig:20   | Reached skill level 27 in Fire Magic
 79421 | Zig:21   | Entered Level 21 of a ziggurat
 79496 | Zig:21   | Identified the +3 dagger of Fate {spect, Drain Int+6}
 79567 | Zig:22   | Entered Level 22 of a ziggurat
 79589 | Zig:22   | Reached skill level 5 in Stealth
 79611 | Zig:22   | Found the +3 hat of Pondering {ponderous, Will+ MP+10
                  | Int+5}
 79640 | Zig:22   | Identified the +4 robe "Hivizat" {rC+ Dex+8}
 79652 | Zig:22   | Identified the ring of the Pharaoh's Fist {Drain rF+ Will+
                  | Str+5}
 79662 | Zig:23   | Entered Level 23 of a ziggurat
 79718 | Zig:23   | Identified the amulet "Carphyput" {Faith Harm}
 79721 | Zig:23   | Identified the +9 plate armour of Squeaky Salvation {Harm
                  | rF- Dex+3 Stlth+}
 79730 | Zig:23   | Identified the ring of Reng {rPois Will+ Str+6 Int+5}
 79735 | Zig:23   | Identified the ring "Alengal" {rN+ Dex+2}
 79749 | Zig:23   | Identified the +12 falchion "Death Rattle" {freeze, Stlth+}
 79806 | Zig:24   | Entered Level 24 of a ziggurat
 79824 | Zig:24   | Gained mutation: Your flesh is heat resistant. (rF+) [a
                  | shining eye]
 79862 | Zig:24   | Identified the +2 robe of the Pink Corner {rPois Regen+
                  | Dex-2}
 79865 | Zig:24   | Identified the +0 robe of Houmi {rPois rC+ MP+9 Dex+3}
 79875 | Zig:24   | Identified the +0 pair of boots "Onlar" {Slay+2}
 79897 | Zig:24   | Identified the +6 spear "Sewkaise" {venom, rPois rC+}
 79902 | Zig:24   | Identified the amulet of Arikhisk {Spirit Will+ Int+3}
 79931 | Zig:25   | Entered Level 25 of a ziggurat
 79955 | Zig:25   | Reached skill level 15 in Shields
 79959 | Zig:25   | Paralysed by a wendigo for 1 turns
 79982 | Zig:25   | Found the +9 staff of Olgreb {rPois∞}
 80074 | Zig:25   | Identified the ring "Muschoha" {rElec Str+6 Slay+2}
 80090 | Zig:25   | Identified the ring "Hutot" {Str+3 SInv}
 80100 | Zig:26   | Entered Level 26 of a ziggurat
 80411 | Zig:26   | Identified the amulet of Qibli {Faith rF+ rCorr Int-5
                  | Dex+5}
 80419 | Zig:26   | Identified the +6 giant spiked club of the Living Dead
                  | {drain, SInv}
 80420 | Zig:26   | Identified the +5 scale mail "Efoxouli" {rC+ rN++ Str-2}
 80431 | Zig:26   | Identified the ring of the Curious Xenops {rElec rF- rN+
                  | Str+6 Int+3}
 80435 | Zig:27   | Entered Level 27 of a ziggurat
 80449 | Zig:27   | Noticed an ancient lich
 80450 | Zig:27   | Noticed an ancient lich
 80451 | Zig:27   | Killed an ancient lich
 80452 | Zig:27   | Killed an ancient lich
 80453 | Zig:27   | Noticed a dread lich
 80455 | Zig:27   | Killed a dread lich
 80457 | Zig:27   | Noticed a dread lich
 80459 | Zig:27   | Killed a dread lich
 80462 | Zig:27   | Noticed a dread lich
 80463 | Zig:27   | Killed a dread lich
 80464 | Zig:27   | Reached skill level 27 in Conjurations
 80465 | Zig:27   | Noticed an ancient lich
 80466 | Zig:27   | Killed an ancient lich
 80466 | Zig:27   | Noticed a dread lich
 80466 | Zig:27   | Noticed an ancient lich
 80467 | Zig:27   | Killed an ancient lich
 80468 | Zig:27   | Killed a dread lich
 80473 | Zig:27   | Noticed a dread lich
 80474 | Zig:27   | Killed a dread lich
 80476 | Zig:27   | Noticed a dread lich
 80476 | Zig:27   | Noticed an ancient lich
 80477 | Zig:27   | Killed a dread lich
 80478 | Zig:27   | Killed an ancient lich
 80505 | Zig:27   | Identified the +1 plate armour of Fun and Games {rPois rN+}
 80508 | Zig:27   | Identified the amulet "Earthly Heaven" {RegenMP Rampage
                  | Drain rC+ Will++}
 80535 | Zig:27   | Identified the +3 flail of Luuc {spect, *Rage rCorr Str+8
                  | Int-5}
 80538 | Zig:27   | Identified the +5 hand axe of Impermanence {freeze, Contam
                  | +Blink rF++ Will-}
 80539 | Zig:27   | Identified the +1 quarterstaff "Zesaokhoehu" {heavy, rPois
                  | Str+3}
 80580 | Zig:1    | Entered Level 1 of a ziggurat
 80582 | Zig:1    | Reached skill level 1 in Evocations
 80598 | Zig:2    | Entered Level 2 of a ziggurat
 80617 | Zig:3    | Entered Level 3 of a ziggurat
 80639 | Zig:4    | Entered Level 4 of a ziggurat
 80643 | Zig:4    | Reached skill level 5 in Evocations
 80659 | Zig:4    | Identified the +1 ring mail of the Moon {rF+ Dex+4}
 80662 | Zig:5    | Entered Level 5 of a ziggurat
 80694 | Zig:5    | Identified the +7 whip of Lipiwk {flame, Contam +Blink rF+
                  | rCorr}
 80707 | Zig:6    | Entered Level 6 of a ziggurat
 80737 | Zig:7    | Entered Level 7 of a ziggurat
 80768 | Zig:7    | Identified the +7 dagger "Worm's Wrath" {flame, rF+ rC+ rN+
                  | Str-4}
 80772 | Zig:7    | Reached skill level 10 in Evocations
 80794 | Zig:8    | Entered Level 8 of a ziggurat
 80824 | Zig:8    | Identified the +1 robe of Snakes and Ladders {*Slow Fly
                  | Int+3 Archmagi}
 80847 | Zig:9    | Entered Level 9 of a ziggurat
 80900 | Zig:10   | Entered Level 10 of a ziggurat
 80928 | Zig:10   | Identified the +6 chain mail "Gikkep" {+Blink +Inv Dex-3
                  | Stlth+}
 80935 | Zig:10   | Identified the +8 arbalest "Orb Guardian's Peril" {speed,
                  | Int+2 Dex+4}
 81003 | Zig:11   | Entered Level 11 of a ziggurat
 81041 | Zig:11   | Identified the +6 broad axe of the Furious {freeze, Int+5
                  | Dex+3}
 81050 | Zig:11   | Identified the +1 robe of Qiovvum {rC- Str+2 Int+3}
 81053 | Zig:11   | Identified the +2 trident of Jewon {freeze, +Blink Dex+2
                  | Stlth+}
 81069 | Zig:12   | Entered Level 12 of a ziggurat
 81081 | Zig:12   | Reached skill level 15 in Throwing
 81115 | Zig:12   | Identified the +4 trident of Pewkitta {freeze, Dex+4}
 81126 | Zig:13   | Entered Level 13 of a ziggurat
 81180 | Zig:13   | Identified the +1 robe "Bosynt" {Str+6}
 81427 | Pan      | Entered Pandemonium
 81492 | Pan      | Found a huge runed translucent gate.
 81497 | Pan      | Found a huge runed translucent gate.
 81498 | Pan      | Found a huge runed translucent gate.
 81498 | Pan      | Found a huge runed translucent gate.
 81498 | Pan      | Found a huge runed translucent gate.
 81498 | Pan      | Found a huge runed translucent gate.
 81501 | Pan      | Found a huge runed translucent gate.
 81506 | Pan      | Noticed Goubboid the pandemonium lord
 81517 | Pan      | Killed Goubboid the pandemonium lord
 81708 | Pan      | Noticed Gutophed the pandemonium lord
 81716 | Pan      | Killed Gutophed the pandemonium lord
 81732 | Pan      | Got a demonic rune of Zot
 81872 | Pan      | Entered the realm of Cerebov.
 81883 | Pan      | Identified the amulet "Emikoegh" {Reflect rElec rF+ Str-5
                  | SH+5}
 82152 | Pan      | Identified the +1 robe of the Past {-Tele rC+ rN+}
 82253 | Pan      | Found the +6 sword of Cerebov {flame}
 82253 | Pan      | Noticed Cerebov
 82257 | Pan      | Killed Cerebov
 82615 | Pan      | Got a fiery rune of Zot
 82698 | Pan      | Entered the realm of Gloorx Vloq.
 82839 | Pan      | Reached skill level 1 in Long Blades
 83079 | Pan      | Noticed Gloorx Vloq
 83095 | Pan      | Killed Gloorx Vloq
 83096 | Pan      | Reached skill level 5 in Long Blades
 83103 | Pan      | Got a dark rune of Zot
 83218 | Pan      | Found an exit through the horrors of the Abyss.
 83270 | Pan      | Entered the realm of Lom Lobon.
 83543 | Pan      | Reached skill level 10 in Long Blades
 83546 | Pan      | Noticed Lom Lobon
 83552 | Pan      | Killed Lom Lobon
 83594 | Pan      | Got a magical rune of Zot
 83639 | Pan      | Found an exit through the horrors of the Abyss.
 83648 | Pan      | Took an exit into the Abyss.
 83648 | Abyss:6  | Escaped into the Abyss
 83663 | Depths:3 | Escaped the Abyss
 83666 | Pan      | Entered Pandemonium
 83719 | Pan      | Found an exit through the horrors of the Abyss.
 83747 | Pan      | Noticed Bafeboas the pandemonium lord
 83750 | Pan      | Killed Bafeboas the pandemonium lord
 84131 | Pan      | Identified the amulet of Misaido {Spirit Harm rPois rF++
                  | Str-3}
 84484 | Pan      | Found a transporter.
 84493 | Pan      | Found a transporter.
 84503 | Pan      | Identified the +1 pair of gloves "Iplac" {Regen+ Int+3}
 84605 | Pan      | Reached skill level 15 in Long Blades
 84613 | Pan      | Noticed Tigyosk the pandemonium lord
 84618 | Pan      | Killed Tigyosk the pandemonium lord
 84631 | Pan      | Found an exit through the horrors of the Abyss.
 84640 | Pan      | Took an exit into the Abyss.
 84640 | Abyss:6  | Escaped into the Abyss
 84649 | Depths:3 | Escaped the Abyss
 84695 | Pan      | Entered Pandemonium
 84746 | Pan      | Found a runed translucent door.
 84750 | Pan      | Noticed Jenoekk the pandemonium lord
 84751 | Pan      | Found a runed translucent door.
 84755 | Pan      | Killed Jenoekk the pandemonium lord
 84767 | Pan      | Found a runed translucent door.
 84770 | Pan      | Found a runed translucent door.
 84899 | Pan      | Entered the realm of Mnoleg.
 84921 | Pan      | Noticed Mnoleg
 84933 | Pan      | Killed Mnoleg
 85091 | Pan      | Got a glowing rune of Zot
 85202 | Pan      | Found an exit through the horrors of the Abyss.
 85211 | Pan      | Took an exit into the Abyss.
 85211 | Abyss:6  | Escaped into the Abyss
 85214 | Abyss:6  | Found a corrupted altar of Lugonu.
 85227 | Abyss:7  | Entered Level 7 of the Abyss
 85231 | Abyss:7  | Found a corrupted altar of Lugonu.
 85232 | Abyss:7  | Acquired the ring of the Moon {EV+5 Str+3 Int+5}
 85252 | Depths:3 | Escaped the Abyss
 85478 | Coc:1    | Entered Level 1 of Cocytus
 85575 | Coc:3    | Lost strength.
 85853 | Depths:3 | Voluntarily entered the Abyss.
 85853 | Abyss:7  | Entered Level 7 of the Abyss
 85859 | Abyss:7  | Reached skill level 1 in Staves
 85887 | Abyss:7  | Reached skill level 5 in Staves
 85919 | Abyss:7  | Found a corrupted altar of Lugonu.
 85935 | Depths:3 | Escaped the Abyss
 86074 | Coc:3    | Reached skill level 10 in Staves
 86419 | Coc:6    | Noticed an ancient lich
 86661 | Coc:6    | Killed an ancient lich
 86798 | Coc:7    | Entered Level 7 of Cocytus
 86837 | Coc:7    | Noticed an ancient lich
 86843 | Coc:7    | Reached skill level 27 in Air Magic
 86844 | Coc:7    | Killed an ancient lich
 87120 | Coc:7    | Noticed Antaeus
 87125 | Coc:7    | Killed Antaeus
 87136 | Coc:7    | Got an icy rune of Zot
 87192 | Dis:1    | Entered Level 1 of the Iron City of Dis
 87202 | Dis:1    | Reached skill level 27 in Fighting
 87221 | Dis:1    | Reached skill level 10 in Stealth
 87337 | Dis:4    | You are sucked into a shaft and drop 1 floor!
 87548 | Dis:7    | Entered Level 7 of the Iron City of Dis
 87655 | Dis:7    | Noticed a juggernaut
 87658 | Dis:7    | Killed a juggernaut
 87660 | Dis:7    | Noticed a juggernaut
 87662 | Dis:7    | Killed a juggernaut
 87686 | Dis:7    | Noticed Dispater
 87691 | Dis:7    | Reached skill level 15 in Armour
 87694 | Dis:7    | Killed Dispater
 87707 | Dis:7    | Got an iron rune of Zot
 87710 | Dis:7    | Identified the ring of Kojiavi {Drain Fly rPois Str+3}
 87856 | Tar:1    | Entered Level 1 of Tartarus
 88133 | Tar:3    | Reached skill level 15 in Evocations
 88503 | Tar:6    | Noticed a dread lich
 88505 | Tar:6    | Killed a dread lich
 88765 | Tar:7    | Entered Level 7 of Tartarus
 88831 | Tar:7    | Identified the ring "Mahebep" {Drain rElec rF++ rN+ rCorr}
 89178 | Tar:7    | Found the +3 salamander hide armour {Flames, rFlCloud rF++
                  | rC--}
 89248 | Tar:7    | Identified the ring "Xapsa" {rC+ Str+2}
 89250 | Tar:7    | Identified the +5 kite shield "Nuclyd" {Fly Will- Regen+
                  | Dex-5}
 89297 | Tar:7    | Noticed Ereshkigal
 89303 | Tar:7    | Killed Ereshkigal
 89309 | Tar:7    | Got a bone rune of Zot
 89368 | Geh:1    | Entered Level 1 of Gehenna
 89423 | Geh:5    | You are sucked into a shaft and drop 1 floor!
 89508 | Geh:7    | Entered Level 7 of Gehenna
 89541 | Geh:7    | Noticed the Serpent of Hell
 89547 | Geh:7    | Killed the Serpent of Hell
 89550 | Geh:7    | Identified the +9 war axe "Hohuc" {heavy, Int+3}
 89856 | Geh:7    | Identified the +3 quarterstaff of the Pits of Slime
                  | {distort, rC++ rCorr SInv}
 89861 | Geh:7    | Identified the +5 great sword "Gologh" {heavy, rF+}
 89871 | Geh:7    | Found the +7 sceptre of Asmodeus
 89871 | Geh:7    | Noticed Asmodeus
 89877 | Geh:7    | Killed Asmodeus
 89893 | Geh:7    | Got an obsidian rune of Zot
 90294 | Zot:5    | Noticed an orb of fire
 90297 | Zot:5    | Noticed a dread lich
 90299 | Zot:5    | Killed a dread lich
 90309 | Zot:5    | Killed an orb of fire
 90325 | Zot:5    | Killed an ancient lich
 90383 | Zot:5    | Noticed a dread lich
 90385 | Zot:5    | Killed a dread lich
 90444 | Zot:5    | Got the Orb of Zot
 90544 | Zot:3    | Noticed Piyh the pandemonium lord
 90544 | Zot:3    | Killed Piyh the pandemonium lord
 90989 | D:2      | Noticed Cisulurch the pandemonium lord
 90994 | D:2      | Killed Cisulurch the pandemonium lord
 91383 | D:$      | Escaped with the Orb!

Illustrated notes

Levels and vault maps discovered:
D:1:      lightli_arrival_windingriver, layout_basic
D:2:      layout_basic, kennysheep_generic_room_13
D:3:      layout_basic, serial_shops, nicolae_shop_stone
D:4:      layout_basic, led_xom_imps
D:5:      minmay_polygon_palace, layout_rooms, mainiacjoe_overflow_boulevard,
          gammafunk_temple_overflow_elements, minmay_temple_entry_overgrown,
          lemuel_flamethrower_2, uniq_pikel, uniq_ijyb
D:6:      layout_loops_cross, mainiacjoe_overflow_brackets,
          general_overflow_altar
D:7:      layout_basic, gammafunk_ghost_grave
D:8:      minmay_evil_eye, layout_layer_cave, minmay_fractal_squares_gapless_5,
          uniq_grum, uniq_erica
D:9:      layout_stronghold, reono_crystal_passage
D:10:     layout_irregular_city, chequers_temple_overflow_statue_of_worship,
          david_lair_generic, uniq_nergalle
D:11:     nicolae_whirlpool, layout_basic, serial_shops, nicolae_shop_waterfront
D:12:     layout_loops_ring, hiddenorc2_lemuel, gammafunk_ghost_cemetery,
          evilmike_ruin_ashenzari, uniq_erolcha, uniq_fannar
D:13:     layout_cave_pods
D:14:     layout_roguey, lightli_vaults_fourway_checkpoint, serial_curves,
          eino_curves_01, eino_curves_03, serial_bayou_lagoon_a
D:15:     gammafunk_enter_depths_forms, layout_basic, hangedman_decor_lopped,
          slow_altar_1
Temple:   nicolae_temple_figure_eight
Lair:1:   layout_cellular_growth
Lair:2:   layout_long_grid, ebering_ghost_reflecting_pool, basic_altar,
          minivault_19, serial_bayou_shore_b, serial_bayou_shore_a
Lair:3:   layout_cave_pods, shoals_dummy_entry, nicolae_snake_entry_squirm,
          chequers_serial_rivers_room_b, worms_lemuel, lemuel_fruit_tree,
          grunt_megastairs_4, infiniplex_staircase_pool
Lair:4:   layout_cave_shapes, slime_entry_2, uniq_sonja
Lair:5:   hellmonk_lair_end_abyssal_woods, layout_gridlike,
          gauntlet_entry_generic, grunt_megastairs_2
Shoals:1: cheibrodos_shoals_gigantism, layout_shoals, serial_shops,
          nicolae_lakefront_shop
Shoals:2: layout_shoals, uniq_aizul, uniq_donald
Shoals:3: cheibrodos_shoals_roost, layout_shoals, uniq_bai_suzhen
Shoals:4: shoals_end_grunt_ice, layout_shoals, serial_shops,
          nicolae_shop_bloodbath_and_beyond, nicolae_shop_crystal,
          nicolae_shop_window_shopping, nicolae_shop_advertising_works
          [nicolae_subvault_shop_adworks]
Snake:1:  layout_basic, st_stairs_8, guppyfry_snake_island, minmay_shop_grove,
          uniq_agnes
Snake:2:  layout_chambers, nicolae_triple_integral
Snake:3:  minmay_snake_river, layout_grid_maze, basic_altar, minmay_shoptagon,
          grunt_megastairs_3
Snake:4:  hellmonk_snake_rune_quicksilver_temple, layout_chambers,
          ebering_ghost_disaster_area, minmay_shop_star
Slime:1:  layout_caves, nicolae_slime_phagocytosis
Slime:2:  layout_caves
Slime:3:  layout_caves, basic_altar
Slime:4:  nicolae_slime_jelly_donut, layout_caves
Slime:5
Orc:1:    layout_diamond_mine, nicolae_volcano_entry_two_sided, uniq_jorgrun,
          uniq_urug
Orc:2:    st_orc_pillars, layout_diamond_mine, serial_shops, bzr_firewalk
Elf:1:    minmay_elf_arrival_circle, layout_onion_city, serial_shops, shop,
          nicolae_shop_behind_doors, shop_scrolls, basic_altar,
          minmay_elf_necromancy
Elf:2:    nicolae_elf_blades_crystal_corner, layout_geoelf_grid, serial_shops,
          shop
Elf:3:    minmay_elf_hall_dome, layout_loops_corners, serial_shops,
          nicolae_shop_stone
Vaults:1: grunt_vaults_trifunnel, v_alt_pattern_5, v_misc_2, v_misc_19,
          hangedman_vaults_stream, v_alt_pattern_3, v_pattern_4, v_misc_1,
          ontoclasm_vaults_gateway, layout_vaults_chaotic_city, uniq_asterion
Vaults:2: v_misc_27, vaults_dpeg_hooks, hangedman_vaults_slither,
          hangedman_vaults_nodes, v_misc_30, ontoclasm_vaults_ligature,
          vaults_standard_mumra_lines, hangedman_vaults_stretched_pinwheel,
          hangedman_vaults_stretched_pinwheel, minmay_crypt_entry_simple_round,
          hangedman_vaults_impose, vaults_dpeg_ring, v_alt_pattern_2,
          nicolae_vaults_ring_of_whatevers, ontoclasm_vaults_ring_small,
          layout_vaults_maze_bifur
Vaults:3: nicolae_vaults_network_periphery, v_rooms_6, v_misc_9,
          vaults_room_grid, v_pattern_3, vaults_room_grunt_arrival_ludios,
          v_misc_25, nicolae_vaults_little_squares_1, special_room_vaults
          [special_room_orc], vaults_mumra_hex, ontoclasm_vaults_hangar,
          layout_vaults_omnigrid, uniq_frederick
Vaults:4: grunt_tower_of_power, vaults_room_stairs_pillars, v_misc_15, v_misc_3,
          vaults_room_hallway, v_rooms_3, v_misc_1, nicolae_vaults_alarming,
          hangedman_vaults_river_flow, v_misc_32, vaults_room_door_ring,
          nicolae_vaults_rhombus_7, layout_vaults_ring, uniq_mara
Vaults:5: serial_shops
Crypt:1:  layout_chaotic_city, grunt_crypt_arrival_split
Crypt:2:  layout_basic, beargit_elvish_explorers, uniq_grunn, uniq_sojobo
Crypt:3:  lightli_unholy_cathedral, layout_chaotic_city,
          nicolae_tomb_entry_unfolded_pyramid_diagonal, uniq_zenata, uniq_khufu
Tomb:1
Tomb:2
Tomb:3
Depths:1: mu_elemental_laboratory, layout_gridlike, ebering_ghost_gozag,
          hell_entry, chequers_serial_rivers_small_b, wad_scary_box
Depths:2: minmay_connected_triangles_in_corner, layout_gridlike,
          rand_demon_pan_entry_3, kennysheep_boxes, hell_entry,
          infiniplex_staircase_zigzag_2
Depths:3: grunt_bent_corner, layout_cave_pools, enter_ziggurat_f,
          nicolae_dithmenos_shadow_blocks, abyss_entry, rand_demon_pan_entry_9,
          lightli_too_deep, tgw_trog, infiniplex_staircase_diamond
Depths:4: evilmike_zot_entry_hall, layout_honeycomb, grunt_hell_entry_dis_old,
          nicolae_shop_overcharged_wands, grunt_megastairs_1, uniq_margery
Hell
Dis:1:    layout_regular_city, nicolae_dis_having_a_grate_time
Dis:2:    layout_subdivisions
Dis:3:    layout_gridville
Dis:4:    layout_jigsaw
Dis:5:    layout_regular_city, minmay_strange_pillars,
          nicolae_dis_metal_lava_thing
Dis:6:    layout_overlapping_boxes, lemuel_dis_dragons
Dis:7:    dis_grunt_layers
Geh:1:    layout_gehenna_pools_triple, not_door_vault_due
Geh:2:    layout_gehenna_pools_basic, nicolae_geh_lava_in_the_way
Geh:3:    layout_gehenna_pools_basic
Geh:4:    layout_gehenna_lava_caves
Geh:5:    nicolae_geh_symmetric_flows, layout_gehenna_pools_box
Geh:6:    layout_gehenna_pools_triple, lemuel_hellion_isle
Geh:7:    geh_grunt_pentagon
Coc:1:    layout_cocytus_water_paths
Coc:2:    layout_cocytus_water_paths
Coc:3:    nicolae_hells_giants_party, layout_cocytus_delve
Coc:4:    layout_ice_bergs
Coc:5:    nicolae_coc_city_of_iceburg
Coc:6:    layout_cocytus_delve
Coc:7:    coc_dpeg
Tar:1:    layout_honeycomb
Tar:2:    layout_cathedral_of_symmetry
Tar:3:    nicolae_hells_demon_pit, layout_cathedral_of_symmetry
Tar:4:    layout_honeycomb
Tar:5:    nicolae_tar_tart_auras, layout_cathedral_of_symmetry,
          nicolae_hells_hurtin_island
Tar:6:    layout_grid_maze, nicolae_tar_four_comb_rooms
Tar:7:    tar_old
Zot:1:    layout_gridlike, zot_minivault_1
Zot:2:    layout_twisted_circle
Zot:3:    kennysheep_six_static_rooms, layout_basic,
          hangedman_zot_decor_scrapings, uniq_josephina
Zot:4:    layout_onion_interference
Zot:5:    layout_cathedral_of_symmetry, grunt_ministairs_15

Skill      XL: |  1  2  3  4  5  6  7  8  9 10 11 12 13 14 15 16 17 18 19 20 21 22 23 24 25 26 27 |
---------------+----------------------------------------------------------------------------------+-----
Earth Magic    | 4 5 7 8 9 10 13 14 16 19 23 24 25 26 27 | 27.0
Spellcasting   | 3 6 7 8 10 12 13 27 | 27.0
Conjurations   | 5 7 10 12 13 16 19 21 22 24 27 | 27.0
Fighting       | 2 5 9 11 13 27 | 27.0
Shields        | 3 7 9 19 | 19.4
Air Magic      | 3 7 11 16 27 | 27.0
Fire Magic     | 10 14 16 17 18 20 21 22 27 | 27.0
Dodging        | 11 | 11.6
Transmutations | 12 | 12.8
Necromancy     | 19 | 19.2
Throwing       | 16 | 16.6
Ice Magic      | 27 | 27.0
Armour         | 15 | 15.9
Stealth        | 14 | 14.6
Evocations     | 24 | 24.9
Long Blades    | 17 | 17.3
Staves         | 12 | 12.3

Action                     |  1- 3 |  4- 6 |  7- 9 | 10-12 | 13-15 | 16-18 | 19-21 | 22-24 | 25-27 || total
---------------------------+-------+-------+-------+-------+-------+-------+-------+-------+-------++-------
  Melee: Short sword       |       |    30 |       |       |       |       |       |       |       ||    30
         Dagger            |       |    11 |       |       |       |       |       |       |       ||    11
         Punch             |       |     1 |     1 |       |       |       |       |       |       ||     2
         Whip              |       |       |    88 |       |     4 |     1 |       |       |       ||    93
         Staff             |       |       |       |       |       |       |     2 |     1 |    35 ||    38
         Double sword      |       |       |       |       |       |       |       |       |    37 ||    37
  Throw: Javelin           |       |       |       |       |       |       |       |       |     6 ||     6
   Cast: Sandblast         |    46 |    52 |    92 |    17 |     8 |     1 |       |       |       ||   216
         Stone Arrow       |       |       |    53 |   237 |   138 |       |    12 |     1 |     8 ||   449
         Lightning Bolt    |       |       |       |    37 |    34 |       |       |       |       ||    71
         Lee's Rapid Decon |       |       |       |     8 |    75 |    72 |     7 |       |       ||   162
         Fireball          |       |       |       |       |    84 |       |       |       |       ||    84
         Mephitic Cloud    |       |       |       |       |     2 |       |       |       |       ||     2
         Blink             |       |       |       |       |     5 |     3 |     2 |       |       ||    10
         Iron Shot         |       |       |       |       |   160 |   367 |    10 |     4 |       ||   541
         Ignition          |       |       |       |       |    20 |    73 |    84 |    80 |   393 ||   650
         Starburst         |       |       |       |       |     9 |     7 |     9 |       |       ||    25
         Lehudib's Crystal |       |       |       |       |       |     7 |   160 |    66 |    98 ||   331
         Shatter           |       |       |       |       |       |       |   125 |   204 |  1086 ||  1415
         Fire Storm        |       |       |       |       |       |       |       |    19 |   361 ||   380
         Maxwell's Capacit |       |       |       |       |       |       |       |       |   130 ||   130
         Chain Lightning   |       |       |       |       |       |       |       |       |    81 ||    81
         Polar Vortex      |       |       |       |       |       |       |       |       |    53 ||    53
         Necromutation     |       |       |       |       |       |       |       |       |    43 ||    43
         Ozocubu's Refrige |       |       |       |       |       |       |       |       |    35 ||    35
Ability: End Transformatio |       |       |       |       |       |       |       |       |     4 ||     4
  Evoke: Wand              |       |     3 |       |     4 |    11 |     6 |       |       |    10 ||    34
         Condenser vane    |       |       |       |     1 |     2 |     1 |       |       |     5 ||     9
         Piece from Xom's  |       |       |       |       |     1 |       |       |       |       ||     1
         Box of beasts     |       |       |       |       |       |     1 |       |       |     2 ||     3
         Phantom mirror    |       |       |       |       |       |       |       |     1 |       ||     1
         Figurine of a zig |       |       |       |       |       |       |       |       |     3 ||     3
         Lightning rod     |       |       |       |       |       |       |       |       |     2 ||     2
         Tin of tremorston |       |       |       |       |       |       |       |       |     2 ||     2
    Use: Scroll            |       |     8 |     2 |     9 |    17 |     9 |     1 |     5 |    34 ||    85
         Potion            |       |       |     2 |       |     3 |       |     1 |       |    42 ||    48
 Armour: Robe              |     1 |       |    88 |    38 |   112 |    64 |    68 |    44 |   515 ||   930
         Leather armour    |     6 |    38 |       |       |       |       |       |       |       ||    44
  Dodge: Dodged            |     4 |    43 |   119 |    85 |   169 |    50 |    91 |    34 |   321 ||   916
  Block: Other             |     1 |    11 |    39 |       |       |       |       |       |       ||    51
         Reflection        |       |       |     4 |       |       |       |       |       |       ||     4
         Buckler           |       |       |     3 |    25 |    39 |       |       |       |       ||    67
         Kite shield       |       |       |       |       |    30 |    91 |    98 |    59 |   426 ||   704

Table legend: (Time is in decaauts)
 A = Elapsed time spent in this place.
 B = Non-inter-level travel time spent in this place.
 C = Inter-level travel time spent in this place.
 D = Time resting spent in this place.
 E = Time spent auto-exploring this place.
 F = Levels seen in this place.
 G = Mean time per level.
                   A        B        C        D        E       F      G
               +--------+--------+--------+--------+--------+-----+--------+
         Total |  91762 |  81534 |  10228 |  15826 |  44931 | 186 |  493.3 |
       Dungeon |  18414 |  15727 |   2687 |   2279 |  10573 |  15 | 1227.6 |
        Temple |    247 |    201 |     46 |      0 |    198 |   1 |  247.0 |
          Lair |   8137 |   6751 |   1386 |   1557 |   3938 |   5 | 1627.4 |
        Shoals |   4255 |   3986 |    269 |    429 |   2959 |   4 | 1063.8 |
     Snake Pit |   6166 |   5755 |    411 |    900 |   3929 |   4 | 1541.5 |
    Slime Pits |   3556 |   3353 |    203 |    424 |   2580 |   5 |  711.2 |
  Orcish Mines |   1679 |   1208 |    471 |     30 |    846 |   2 |  839.5 |
   Elven Halls |   5325 |   4674 |    651 |   1285 |   2523 |   3 | 1775.0 |
        Vaults |   8267 |   7271 |    996 |    994 |   5270 |   5 | 1653.4 |
         Crypt |   3496 |   3168 |    328 |    595 |   2099 |   3 | 1165.3 |
          Tomb |   2458 |   2286 |    172 |    244 |   1354 |   3 |  819.3 |
        Depths |   7813 |   6091 |   1722 |   1312 |   3626 |   4 | 1953.2 |
          Hell |   1168 |   1014 |    154 |    525 |    332 |   1 | 1168.0 |
           Dis |    608 |    608 |      0 |    160 |      0 |   7 |   86.9 |
       Gehenna |    454 |    435 |     19 |     84 |      0 |   7 |   64.9 |
       Cocytus |   1014 |    979 |     35 |    185 |      0 |   7 |  144.9 |
      Tartarus |   1363 |   1255 |    108 |    418 |    218 |   7 |  194.7 |
           Zot |   6061 |   5499 |    562 |    935 |   3725 |   5 | 1212.2 |
         Abyss |    400 |    400 |      0 |      0 |      3 |  11 |   36.4 |
   Pandemonium |   3677 |   3677 |      0 |   1374 |    303 |  17 |  216.3 |
      Ziggurat |   6219 |   6219 |      0 |   1904 |     96 |  67 |   92.8 |
        Bazaar |     86 |     86 |      0 |      0 |     58 |   1 |   86.0 |
       Volcano |    351 |    351 |      0 |     78 |    175 |   1 |  351.0 |
      Gauntlet |    540 |    540 |      0 |    113 |    126 |   1 |  540.0 |
               +--------+--------+--------+--------+--------+-----+--------+

Top non-repeatable levels by time:
Depths:3: 2920 daAuts
  Lair:3: 2280 daAuts
  Lair:5: 2147 daAuts
 Snake:4: 2097 daAuts
Vaults:4: 2097 daAuts
   Elf:3: 2023 daAuts
Depths:1: 1864 daAuts
Vaults:1: 1809 daAuts
    D:12: 1782 daAuts
Depths:4: 1757 daAuts
   Elf:1: 1661 daAuts
    D:15: 1647 daAuts
   Elf:2: 1640 daAuts
 Snake:3: 1619 daAuts
 Snake:2: 1606 daAuts
